 Dungeon Crawl Stone Soup version 0.23-a0-252-g069075cd5b (webtiles) character file.

12170675 MeekVeins the Merry Centaur (level 27, 273/273 HPs)
             Began as a Centaur Arcane Marksman on Sept 26, 2018.
             Was the Champion of Zin.
             Escaped with the Orb
             ... and 15 runes on Sept 29, 2018!
             The game lasted 12:38:04 (133654 turns).

MeekVeins the Merry Centaur (CeAM)                Turns: 133654, Time: 12:38:04

Health: 273/273    AC: 29    Str: 32    XL:     27
Magic:  50/50      EV: 15    Int: 18    God:    Zin [******]
Gold:   5248       SH:  0    Dex: 14    Spells: 3/54 levels left

rFire    + + +     SeeInvis +   a - +9 longbow (holy) {god gift}
rCold    + . .     Gourm    .   (shield currently unavailable)
rNeg     + + .     Faith    .   q - +1 ring mail of Light {rN+ MP+9 Str+4 Int+3}
rPois    +         Spirit   .   n - +2 hat {SInv}
rElec    +         Reflect  .   S - +2 cloak {MR+}
rCorr    +         Harm     .   O - +0 pair of gloves "Ofinufil" {rElec rF+ Regen+ Int-3}
MR       +++..                  Z - +4 centaur barding {rF+} {god gift}
Stlth    +.........             s - amulet of Itur {+Rage rElec rPois rN+ Str+4}
HPRegen  0.95/turn              c - ring of Twilight {rC+ Str+4 Int+4 Slay+6}
MPRegen  0.32/turn              U - ring of Sonif {rCorr rElec rF+ Slay+2}

@: very quick
A: large, hooves 3, deformed body, speed 2, tough skin 3
0: Orb of Zot
}: 15/15 runes: decaying, serpentine, slimy, silver, golden, iron, obsidian,
icy, bone, abyssal, demonic, glowing, magical, fiery, dark
a: Recite, Vitalisation, Imprison, Sanctuary, Donate Gold, Renounce Religion,
Evoke Berserk Rage


You escaped.
You worshipped Zin.
Zin was exalted by your worship.
You were completely stuffed.

You visited 18 branches of the dungeon, and saw 90 of its levels.
You visited Pandemonium 1 time, and saw 27 of its levels.
You visited the Abyss 2 times.
You visited 1 bazaar.
You also visited: Bailey and Ice Cave.

You collected 18375 gold pieces.
You spent 10934 gold pieces at shops.
You donated 2193 gold pieces to Zin.

Inventory:

Hand Weapons
 a - a +9 longbow of holy wrath (weapon) {god gift}
 w - the +8 storm bow {god gift, elec}
   (Okawaru gifted it to you on level 6 of the Lair of Beasts)

   It charges the ammunition it shoots with electricity; occasionally upon a
   hit, such missiles may discharge and cause terrible harm.
Missiles
 d - 593 arrows (quivered) {???DMSl???}
Armour
 h - a scarf of resistance
 m - +12 gold dragon scales
 n - a +2 hat of see invisible (worn)
 q - the +1 ring mail of Light (worn) {rN+ MP+9 Str+4 Int+3}
   (You found it on level 7 of the Iron City of Dis)

   It affects your strength (+4).
   It affects your intelligence (+3).
   It protects you from negative energy.
   It affects your magic capacity (+9).
 x - a +2 pair of gloves of archery
 O - the +0 pair of gloves "Ofinufil" (worn) {rElec rF+ Regen+ Int-3}
   (You found it on level 7 of the Iron City of Dis)

   It affects your intelligence (-3).
   It protects you from fire.
   It insulates you from electricity.
   It increases your rate of regeneration.
 S - a +2 cloak of magic resistance (worn)
 Z - a +4 centaur barding of fire resistance (worn) {god gift}
Jewellery
 c - the ring of Twilight (left hand) {rC+ Str+4 Int+4 Slay+6}
   (You bought it in a shop on level 4 of the Snake Pit)

   [ring of slaying]

   It affects your strength (+4).
   It affects your intelligence (+4).
   It affects your accuracy and damage with ranged weapons and melee attacks
   (+6).
   It protects you from cold.
 e - the ring "Nusasieb" {MR+ MP+9}
   (You found it in Pandemonium)

   [ring of magical power]

   It affects your resistance to hostile enchantments.
   It affects your magic capacity (+9).
 f - the ring "Ythrerety" {+Fly rN+ Int+2 Stlth+}
   (You took it off an orc knight on level 2 of the Vaults)

   [ring of flight]

   It affects your intelligence (+2).
   It protects you from negative energy.
   It lets you fly.
   It makes you more stealthy.
 s - the amulet of Itur (around neck) {+Rage rElec rPois rN+ Str+4}
   (You took it off a deep elf death mage on level 3 of the Elven Halls)

   [amulet of rage]

   It affects your strength (+4).
   It insulates you from electricity.
   It protects you from poison.
   It protects you from negative energy.
   It lets you go berserk.
 C - the ring of Phasing {EV+8}
   (You found it on level 3 of the Tomb of the Ancients)

   [ring of evasion]

   It affects your evasion (+8).
 U - the ring of Sonif (right hand) {rCorr rElec rF+ Slay+2}
   (You took it off a skeletal warrior on level 7 of Cocytus)

   [ring of resist corrosion]

   It affects your accuracy and damage with ranged weapons and melee attacks
   (+2).
   It protects you from fire.
   It insulates you from electricity.
Wands
 A - a wand of acid (24)
 D - a wand of digging (54)
 I - a wand of iceblast (15)
Scrolls
 i - 17 scrolls of fear
 k - 7 scrolls of fog
 p - 23 scrolls of amnesia
 u - 5 scrolls of summoning
 y - a scroll of enchant weapon
 B - 5 scrolls of blinking
 F - 15 scrolls of immolation
 L - 3 scrolls of silence
 M - 8 scrolls of magic mapping
 N - 21 scrolls of remove curse
 R - 5 scrolls of identify
 T - 18 scrolls of teleportation
 V - 5 scrolls of enchant armour
Potions
 g - 4 potions of agility
 j - 5 potions of cancellation
 l - 3 potions of ambrosia
 o - a potion of resistance
 r - 3 potions of haste
 t - 11 potions of heal wounds
 E - 7 potions of magic
 G - 9 potions of mutation {!q}
 J - 9 potions of brilliance
 K - 6 potions of berserk rage
 P - 3 potions of might
 Q - 19 potions of curing
Miscellaneous
 b - a fan of gales
 v - a lightning rod (4/4)
 H - 6 phantom mirrors
 W - 3 sacks of spiders
 X - a phial of floods
 Y - a lamp of fire
Comestibles
 z - 61 rations


   Skills:
 O Level 27 Fighting
   Level 14.0 Maces & Flails
 O Level 27 Bows
 - Level 18.0 Armour
 - Level 14.0 Dodging
 - Level 4.0 Stealth
   Level 2.6 Shields
 - Level 14.0 Spellcasting
 - Level 8.0 Hexes
 - Level 14.0 Charms
 - Level 9.5 Summonings
   Level 4.0 Necromancy
 - Level 23.2 Translocations
 + Level 25.4 Air Magic
 - Level 20.0 Invocations


You had 3 spell levels left.
You knew the following spells:

 Your Spells              Type           Power        Failure   Level  Hunger
a - Disjunction           Tloc           #######...   3%          8    #######
b - Dispersal             Tloc           #######...   1%          6    #####..
c - Shroud of Golubria    Chrm/Tloc      ######....   0%          2    None
d - Portal Projectile     Hex/Tloc       ######       1%          3    None
e - Deflect Missiles      Chrm/Air       ######....   1%          6    #####..
f - Summon Butterflies    Summ           #####...     1%          1    None
g - Passage of Golubria   Tloc           N/A          0%          4    None
h - Tornado               Air            #######...   19%         9    #######
z - Song of Slaying       Chrm           ######..     1%          2    None
B - Blink                 Tloc           N/A          0%          2    None
N - Controlled Blink      Tloc           N/A          3%          8    #######

Your spell library contained the following spells:

 Spells                   Type           Power        Failure   Level  Hunger
 Swiftness                Chrm/Air       ######..     0%          2    None
 Gell's Gravitas          Tloc           #######...   0%          3    None
 Lesser Beckoning         Tloc           #######...   0%          3    None
 Teleport Other           Tloc           #######.     0%          3    None
 Animate Skeleton         Necr           N/A          1%          1    None
 Confusing Touch          Hex            #####.       1%          1    None
 Corona                   Hex            #####..      1%          1    None
 Infusion                 Chrm           ####         1%          1    None
 Shock                    Conj/Air       ####         1%          1    None
 Summon Small Mammal      Summ           ####         1%          1    None
 Call Imp                 Summ           #####...     1%          2    None
 Corpse Rot               Necr           N/A          1%          2    None
 Ensorcelled Hibernation  Hex/Ice        ####..       1%          2    None
 Poisonous Vapours        Pois/Air       ######       1%          2    None
 Slow                     Hex            #####...     1%          2    None
 Sublimation of Blood     Necr           ####......   1%          2    None
 Call Canine Familiar     Summ           #####...     1%          3    None
 Mephitic Cloud           Conj/Pois/Air  #####...     1%          3    None
 Ozocubu's Armour         Chrm/Ice       #####...     1%          3    None
 Recall                   Summ/Tloc      N/A          1%          3    None
 Regeneration             Chrm/Necr      #####.....   1%          3    None
 Spectral Weapon          Hex/Chrm       ######..     1%          3    None
 Static Discharge         Conj/Air       ######..     1%          3    None
 Summon Guardian Golem    Hex/Summ       #####...     1%          3    None
 Tukima's Dance           Hex            #####...     1%          3    None
 Dazzling Spray           Conj/Hex       ####..       3%          3    None
 Inner Flame              Hex/Fire       ####....     3%          3    None
 Vampiric Draining        Necr           ####......   3%          3    None
 Beastly Appendage        Tmut           ##....       6%          1    None
 Flame Tongue             Conj/Fire      ##...        6%          1    None
 Freeze                   Ice            ##..         6%          1    None
 Magic Dart               Conj           ##..         6%          1    None
 Sandblast                Erth           ##....       6%          1    None
 Sting                    Conj/Pois      ##..         6%          1    None
 Passwall                 Tmut/Erth      ##......     10%         2    None
 Searing Ray              Conj           ##....       10%         2    None
 Sticks to Snakes         Tmut           ##......     10%         2    None
 Throw Flame              Conj/Fire      ##....       10%         2    None
 Throw Frost              Conj/Ice       ##....       10%         2    None
 Conjure Flame            Conj/Fire      ##......     19%         3    None
 Ignite Poison            Fire/Tmut/Pois ##......     19%         3    None
 Spider Form              Tmut/Pois      ##........   19%         3    None
 Stone Arrow              Conj/Erth      ##....       19%         3    None
 Airstrike                Air            #######...   0%          4    None
 Force Lance              Conj/Tloc      ######..     1%          4    None
 Summon Lightning Spire   Summ/Air       ######..     1%          4    None
 Lightning Bolt           Conj/Air       ######....   1%          5    ####...
 Silence                  Hex/Air        ######....   1%          5    ####...
 Summon Forest            Summ/Tloc      ######....   1%          5    ####...
 Cause Fear               Hex            #####.....   2%          4    None
 Aura of Abjuration       Summ           #####.....   3%          5    ####...
 Summon Demon             Summ           #####.....   3%          5    ####...
 Excruciating Wounds      Chrm/Necr      #####.....   4%          5    ####...
 Summon Mana Viper        Hex/Summ       #####...     4%          5    ####...
 Conjure Ball Lightning   Conj/Air       ######....   5%          6    #####..
 Malign Gateway           Summ/Tloc      ######....   7%          7    #######
 Summon Ice Beast         Ice/Summ       ####....     9%          4    None
 Iskenderun's Battlesphe  Conj/Chrm      #####...     10%         5    ####...
 Animate Dead             Necr           N/A          12%         4    None
 Fulminant Prism          Conj/Hex       ####......   12%         4    None
 Leda's Liquefaction      Hex/Erth       ####......   12%         4    None
 Shadow Creatures         Summ           N/A          21%         6    #####..
 Freezing Cloud           Conj/Ice/Air   #####.....   30%         6    #####..
 Agony                    Necr           ####....     34%         5    ####...
 Dispel Undead            Necr           ####....     34%         5    ####...
 Metabolic Englaciation   Hex/Ice        ####......   34%         5    ####...
 Yara's Violent Unravell  Hex/Tmut       ####......   34%         5    ####...
 Darkness                 Hex            #####.....   36%         6    #####..
 Invisibility             Hex            #####...     36%         6    #####..
 Ice Form                 Ice/Tmut       ##......     54%         4    None
 Iskenderun's Mystic Bla  Conj           ##......     54%         4    None
 Sticky Flame             Conj/Fire      ##......     54%         4    None
 Throw Icicle             Conj/Ice       ##......     54%         4    None
 Borgnjor's Vile Clutch   Necr/Erth      ###.......   61%         5    ####...
 Monstrous Menagerie      Summ           #####.....   73%         7    #######
 Summon Greater Demon     Summ           #####.....   73%         7    #######
 Summon Hydra             Summ           #####.....   73%         7    #######
 Blade Hands              Tmut           ##........   87%         5    ####...
 Bolt of Magma            Conj/Fire/Erth ##........   87%         5    ####...
 Fireball                 Conj/Fire      ##........   87%         5    ####...
 Irradiate                Conj/Tmut      ##........   87%         5    ####...
 Lee's Rapid Deconstruct  Erth           ##........   87%         5    ####...
 Venom Bolt               Conj/Pois      ##........   87%         5    ####...
 Chain Lightning          Conj/Air       ######....   93%         8    #######
 Ring of Flames           Chrm/Fire      #####.....   97%         7    #######
 Haunt                    Necr/Summ      #####.....   98%         7    #######
 Simulacrum               Ice/Necr       ###.......   99%         6    #####..
 Bolt of Cold             Conj/Ice       ##........   100%        6    #####..
 Bolt of Fire             Conj/Fire      ##........   100%        6    #####..
 Hydra Form               Tmut           ##........   100%        6    #####..
 Iron Shot                Conj/Erth      ##........   100%        6    #####..
 Ozocubu's Refrigeration  Ice            ##........   100%        6    #####..
 Poison Arrow             Conj/Pois      ##........   100%        6    #####..
 Statue Form              Tmut/Erth      ##.......    100%        6    #####..
 Dragon Form              Tmut           ##........   100%        7    #######
 Orb of Destruction       Conj           ##........   100%        7    #######
 Spellforged Servitor     Conj/Summ      ####......   100%        7    #######
 Borgnjor's Revivificati  Necr           ####......   100%        8    #######
 Death's Door             Chrm/Necr      #####.....   100%        8    #######
 Ignition                 Fire           ##........   100%        8    #######
 Infestation              Necr           ####......   100%        8    #######
 Lehudib's Crystal Spear  Conj/Erth      ##........   100%        8    #######
 Necromutation            Tmut/Necr      ###.......   100%        8    #######
 Summon Horrible Things   Summ           #####.....   100%        8    #######
 Dragon's Call            Summ           #####.....   100%        9    #######
 Fire Storm               Conj/Fire      ##........   100%        9    #######
 Glaciate                 Conj/Ice       ##........   100%        9    #######
 Shatter                  Erth           ##........   100%        9    #######


Dungeon Overview and Level Annotations

Branches:
Dungeon (15/15)            Temple (1/1) D:7            Lair (6/6) D:10
  Swamp (4/4) Lair:2        Snake (4/4) Lair:4        Slime (5/5) Lair:6
    Orc (2/2) D:9             Elf (3/3) Orc:2        Vaults (5/5) D:13
  Crypt (3/3) Vaults:2       Tomb (3/3) Crypt:3      Depths (5/5) D:15
   Hell (1/1)                 Dis (7/7) Hell            Geh (7/7) Hell
    Coc (7/7) Hell            Tar (7/7) Hell            Zot (5/5) Depths:5

Altars:
Cheibriados
Dithmenos
Elyvilon
Fedhas
Hepliaklqana
Kikubaaqudgha
Makhleb
Nemelex Xobeh
Okawaru
Sif Muna
Uskayaw
Xom
Zin
The Shining One
Beogh
Jiyva

Shops:
D:7 *   D:11 [   D:12 =   Orc:2 *:([   Elf:1 =   Snake:4 =}   Vaults:2 %
Vaults:4 [   Vaults:5 }   Depths:3 :[   Depths:5 *

Portals:
Hell: Depths:1 Depths:2 Depths:3 Depths:5
Abyss: Depths:4 Depths:5
Pandemonium: Depths:3 Depths:5
Ziggurat: Depths:1
Trove: Vaults:2 (give 8 potions of agility)

Annotations:
D:9 15
D:11 1 runed door, domsik's ghost, novice MiBe
Snake:2 3 runed doors, RKaid's ghost, adept SpVM
Snake:4 1 exclusion
Depths:1 1 runed door, Buw Zyr's ghost, adept MiFi
Zot:5 1 exclusion


Innate Abilities, Weirdness & Mutations

You have hooves in place of feet.
Armour fits poorly on your strangely shaped body.
You cover ground very quickly.
You have extremely tough skin. (AC +3)


Message History

A shadow imp is nearby!
Firing (i - inventory)
d - 593 arrows (quivered)
{???DMSl???}
Press: ? - help, Shift-Dir - straight line, f - shadow imp
Aim: a shadow imp You shoot an arrow {???DMSl???}.
The arrow {???DMSl???} hits the shadow imp!!!
You kill the shadow imp!
No target in view!
You feel better.
d - 593 arrows {???DMSl???} (gained 1)
There is a staircase leading out of the dungeon here.
Put on which piece of jewellery? (? for menu, Esc to quit)
You're wearing all the rings you can.
Remove which one? (? for menu, Esc to cancel) < or
c - the ring of Twilight {rC+ Str+4 Int+4 Slay+6} > or
f - the ring "Ythrerety" {+Fly rN+ Int+2 Stlth+} You remove the ring "Ythrerety" {+Fly rN+ Int+2 Stlth+}.
U - the ring of Sonif (right hand) {rCorr rElec rF+ Slay+2} You can't go down here!
You have escaped!

.........# #.# #.#......
.........# #.## #.#......
.........######..########........
......#.#P.............P#.#......
......#.#≈P...........P≈#.#÷.....
....#...#≈≈P.........P≈≈#.#......
........#≈≈≈P.......P≈≈≈#...#####
........#≈≈≈≈P.....P≈≈≈≈###.#
..###...#≈≈≈≈≈P.@.P≈≈≈≈≈# #.# ###
#.###≈≈≈≈P.....P≈≈≈≈# #.# #####.#
#≈≈≈P.......P≈≈≈###.#
......###≈≈P.........P≈≈#...#
........#≈P...........P≈#...#####
#.#######P.............P###.##...
#.# #...........###(..## #.##.##
#.####.#.######..>#..######.##.#8
#.##........# ##.........##....##


There were no monsters in sight!

Vanquished Creatures
  Cerebov (Pan)
  Antaeus (Coc:7)
  Asmodeus (Geh:7)
  the Royal Jelly (Slime:5)
  Ereshkigal (Tar:7)
  Gloorx Vloq (Pan)
  Mnoleg (Pan)
  the Serpent of Hell (Geh:7)
  A seraph (Pan)
  Lom Lobon (Pan)
  Khufu (Crypt:3)
  3 orbs of fire (Zot:5)
  6 pandemonium lords
  Dispater (Dis:7)
  7 ancient liches
  Mennas (Vaults:2)
  20 greater mummies
  Sojobo (Vaults:3)
  4 shard shrikes
  3 caustic shrikes
  Nikola (Swamp:1)
  Frederick (Vaults:2)
  5 Killer Klowns (Zot:5)
  A curse toe (Zot:3)
  Geryon (Hell)
  Jory (Tomb:1)
  A golden dragon (shapeshifter) (Vaults:5)
  6 golden dragons
  2 profane servitors
  7 bone dragons
  3 doom hounds
  An iron giant (Dis:7)
  27 Tzitzimimeh
  15 Brimstone Fiends
  11 liches
  2 electric golems
  3 hellephants
  8 Hell Sentinels
  18 tentacled monstrosities
  17 Ice Fiends
  9 deep elf blademasters
  Asterion (Snake:1)
  25 Orb Guardians (Zot:5)
  14 titans
  6 quicksilver dragons
  7 deep elf master archers
  12 ancient champions
  28 Executioners
  3 tentacled starspawn
  17 acid blobs
  4 eldritch tentacles
  12 sphinxes
  14 death cobs
  A thorn hunter (Swamp:3)
  Kirke (D:13)
  7 tengu reavers
  16 shadow dragons
  14 storm dragons
  14 daevas (Pan)
  6 revenants
  8 nagarajas (Snake:4)
  5 draconian monks
  16 fire giants
  11 blood saints (Pan)
  5 iron dragons
  The ghost of Armakuni the Destroyer, a journeyman DgAr (D:15)
  20 azure jellies
  18 vault wardens
  2 orc warlords (Orc:2)
  27 frost giants
  4 draconian knights
  31 balrugs
  3 draconian scorchers (Zot:4)
  12 warmongers
  9 deep elf sorcerers
  A ghost moth (Zot:5)
  7 draconian shifters
  18 ironheart preservers
  7 deep elf elementalists (Elf:3)
  A ghoul (Crypt:3)
  3 draconian stormcallers
  14 cacodemons
  4 curse skulls
  5 draconian annihilators
  5 elemental wellsprings (Coc:7)
  2 starcursed masses (Abyss:3)
  23 ophanim (Pan)
  62 reapers
  34 angels (Pan)
  12 war gargoyles
  2 caustic shrike skeletons
  25 very ugly things
  5 spriggan defenders
  6 deep elf demonologists
  7 corrupters (Pan)
  The ghost of dafubar the Bludgeoner, a journeyman MiBe of Trog (D:14)
  14 lorocyprocas
  23 apis (Pan)
  14 vampire knights
  32 stone giants
  17 green draconians
  5 black suns (Pan)
  2 bennus (Tomb:3)
  13 black draconians
  14 purple draconians
  Azrael (D:14)
  13 red draconians
  9 eidola
  A spark wasp (shapeshifter) (Depths:5)
  8 deep elf annihilators
  9 spark wasps
  14 yellow draconians
  6 dire elephants (Abyss:3)
  12 white draconians
  14 green deaths (Pan)
  2 merfolk javelineers
  A minotaur (D:15)
  11 deep elf death magi
  17 ettins
  Josephine (Lair:5)
  8 fire dragons
  4 death oozes (Slime:5)
  A merfolk impaler (Depths:2)
  28 blizzard demons
  3 quicksilver dragon zombies
  22 mummy priests
  4 kraken zombies (Coc:7)
  7 deep elf high priests
  29 yaktaur captains
  16 great orbs of eyes
  25 jiangshi
  2 quicksilver dragon skeletons
  9 rakshasas
  27 naga warriors
  13 monstrous demonspawn (Pan)
  31 ice dragons
  3 hell beasts
  5 anacondas
  32 vault guards
  6 spriggan air magi
  An ice dragon (shapeshifter) (Vaults:5)
  Erica (D:10)
  7 death knights
  13 centaur warriors
  16 hydras
  A shambling mangrove (Swamp:1)
  A ghost crab (Swamp:1)
  12 alligators
  32 two-headed ogres
  13 deep troll earth magi
  27 dancing weapons
  14 hell hogs
  10 ogre magi
  82 death scarabs
  7 vampire magi
  5 tengu warriors
  6 deep troll shamans
  4 orc high priests (Orc:2)
  3 thrashing horrors
  53 soul eaters
  23 naga sharpshooters
  43 hell knights
  47 sun demons
  A spriggan berserker (Depths:5)
  7 shock serpents
  5 titan skeletons
  3 titan zombies
  36 deep elf knights
  24 shadow wraiths
  3 storm dragon zombies
  3 wretched stars (Abyss:3)
  7 iron trolls
  13 sixfirhies (Pan)
  98 skeletal warriors
  3 storm dragon skeletons
  2 spatial maelstroms (Abyss:3)
  6 torturous demonspawn (Pan)
  5 death drakes
  2 golden dragon zombies
  3 salamander mystics
  11 gelid demonspawn (Pan)
  A sea snake (shapeshifter) (Depths:4)
  18 cherubim (Pan)
  38 large abominations
  7 anaconda zombies
  9 unseen horrors
  8 glowing orange brains
  A spectral hydra (Depths:4)
  2 ghost moth zombies
  7 naga ritualists
  A spriggan druid (Swamp:3)
  8 infernal demonspawn (Pan)
  An obsidian statue (Zot:5)
  39 deep trolls
  2 kraken simulacra (Coc:7)
  2 orange crystal statues (Depths:4)
  33 deep elf archers
  15 flayed ghosts
  26 shadow demons
  15 orc knights
  4 swamp dragons
  22 phantasmal warriors
  10 wizards
  5 shadow dragon zombies
  2 golden dragon skeletons
  A glowing orange brain (shapeshifter) (Vaults:4)
  16 necromancers
  A swamp dragon (shapeshifter) (Vaults:2)
  4 harpies (Vaults:5)
  3 iron dragon zombies
  3 wolf spider zombies
  A wolf spider (Vaults:5)
  21 ironbrand convokers
  4 anaconda skeletons
  14 oklob plants
  5 orc sorcerers
  3 fire giant zombies
  83 deep elf magi
  7 shining eyes
  8 mana vipers
  41 ugly things
  A moth of wrath (shapeshifter) (Vaults:3)
  8 stone giant zombies
  A manticore (shapeshifter) (Vaults:5)
  11 stone giant skeletons
  A manticore (D:15)
  Maurice (D:8)
  5 cyclopes
  29 moths of wrath
  10 salamanders
  5 dire elephant zombies
  3 centaur zombies
  4 frost giant zombies
  24 elephants
  18 vault sentinels
  6 frost giant skeletons
  7 iron dragon skeletons
  7 guardian serpents (Snake:4)
  A guardian serpent (shapeshifter) (Vaults:5)
  24 rust devils
  16 molten gargoyles (Geh:7)
  3 titan simulacra
  5 emperor scorpion zombies
  19 orange demons (Pan)
  23 black mambas
  4 ice statues
  6 storm dragon simulacra
  A spiny frog (shapeshifter) (Vaults:2)
  19 naga magi
  2 eyes of devastation (Slime:4)
  An eye of devastation (shapeshifter) (Vaults:2)
  5 fire giant skeletons
  A gargoyle (D:15)
  11 spiny frogs
  39 hellions
  2 kobold demonologists
  33 smoke demons
  3 dire elephant skeletons
  7 komodo dragons
  A swamp worm zombie (Crypt:1)
  37 tormentors
  A rime drake (Lair:1)
  A shock serpent skeleton (Geh:6)
  2 catoblepas skeletons
  84 yaktaurs
  A minotaur zombie (Tar:7)
  9 anaconda simulacra
  9 hellwings (Pan)
  7 efreet
  53 ice devils
  13 demonic crawlers
  37 red devils
  50 freezing wraiths
  A queen ant zombie (Crypt:1)
  A spectral merfolk (Depths:4)
  48 guardian mummies
  12 hydra zombies
  2 harpy zombies
  5 ancient zymes (Abyss:3)
  3 meliai (shapeshifter)
  4 tengu conjurers
  3 silent spectres
  Grinder (D:6)
  8 tyrant leeches
  A jumping spider (shapeshifter) (Vaults:4)
  A queen bee (shapeshifter) (Vaults:2)
  A wolf spider simulacrum (Coc:5)
  A shadow dragon simulacrum (Tomb:2)
  13 trolls
  A merfolk (D:10)
  5 polar bears
  Prince Ribbit (D:6)
  A hornet (shapeshifter) (Depths:3)
  12 hornets
  2 polar bears (shapeshifter)
  7 hydra skeletons
  4 raiju (Abyss:3)
  14 blink frogs
  8 alligator zombies
  75 slime creatures
  A dream sheep (shapeshifter) (Depths:2)
  5 dream sheep
  16 bog bodies
  6 fire dragon zombies
  2 frost giant simulacra (Crypt:3)
  7 fire dragon skeletons
  8 hippogriffs
  A stone giant simulacrum (Vaults:1)
  5 ettin zombies
  145 flying skulls
  4 ice dragon zombies
  Sigmund (D:6)
  2 air elementals
  3 centaur simulacra
  A shock serpent simulacrum (Hell)
  5 ettin skeletons
  40 ynoxinuls
  2 black mamba zombies
  17 spriggans
  A vampire (Depths:4)
  2 redbacks (shapeshifter)
  27 yaks
  25 shadows
  3 ice dragon skeletons
  A satyr skeleton (Crypt:2)
  30 water elementals
  Eustachio (D:4)
  4 hogs (D:13)
  9 ushabtiu
  7 wyverns
  26 fire elementals
  2 humans (shapeshifter)
  A black mamba skeleton (Tar:6)
  4 fire bats (Pan)
  35 wraiths
  A wind drake zombie (Crypt:1)
  2 hungry ghosts
  Grum (D:9)
  6 golden eyes (Slime:5)
  6 basilisks
  25 neqoxecs
  A wind drake skeleton (Crypt:1)
  23 vampire mosquitoes
  3 hogs (shapeshifter)
  6 swamp worm simulacra (Swamp:4)
  8 spatial vortices
  A warg (shapeshifter) (Depths:5)
  14 chaos spawn
  12 wargs
  Menkaure (D:4)
  A steam dragon (D:11)
  A yaktaur simulacrum (Vaults:2)
  8 small abominations
  Edmund (D:5)
  58 nagas
  A swamp worm (shapeshifter) (Vaults:5)
  3 acid dragons
  22 hydra simulacra
  18 insubstantial wisps
  22 swamp worms
  A harpy simulacrum (Coc:7)
  13 water moccasins
  A spectral snapping turtle (Crypt:3)
  4 spiny frog zombies
  4 spectral spriggans (Depths:4)
  A floating eye (shapeshifter) (Depths:4)
  56 hell hounds
  14 porcupines
  3 spectral trolls (Depths:4)
  A floating eye (Depths:4)
  6 spiny frog skeletons
  62 orc warriors
  5 snapping turtle zombies
  2 human zombies
  6 swamp drakes
  9 phantoms
  A manticore zombie (Geh:1)
  17 ice beasts
  9 black bears
  An ice dragon simulacrum (Coc:7)
  4 sky beasts
  An ettin simulacrum (Abyss:2)
  46 ogres
  9 eyes of draining
  A swamp dragon zombie (Tar:7)
  A black mamba simulacrum (Tar:5)
  An alligator simulacrum (Coc:7)
  An ogre (shapeshifter) (Vaults:2)
  2 snapping turtle skeletons
  19 boggarts
  A hornet zombie (D:7)
  20 necrophages
  33 wolves
  27 centaurs
  3 manticore skeletons
  A swamp dragon skeleton (Dis:7)
  10 crocodiles
  8 big kobolds
  An elf zombie (Tomb:1)
  A merfolk simulacrum (Depths:4)
  14 bullfrogs
  An elf skeleton (Tar:7)
  2 spiny frog simulacra
  3 gnoll sergeants (D:9)
  A wyvern skeleton (D:12)
  A water moccasin skeleton (D:9)
  2 scorpions
  A spectral naga (Depths:4)
  A snapping turtle simulacrum (Tar:1)
  2 spectral ogres (Depths:4)
  3 killer bees (D:11)
  59 wights
  7 jellies
  2 troll skeletons
  A yak skeleton (Crypt:2)
  A howler monkey (shapeshifter) (Vaults:2)
  A howler monkey (D:11)
  3 electric eels (D:11)
  4 spectral centaurs
  A wolf zombie (Crypt:1)
  7 crimson imps
  2 human simulacra (Vaults:2)
  A wyvern simulacrum (D:11)
  5 centaur skeletons
  2 bullfrog skeletons (D:7)
  A gnoll shaman (Orc:1)
  16 orc priests
  18 orc wizards
  5 iguanas
  8 iron imps
  11 worker ants
  A tengu skeleton (Crypt:2)
  A felid skeleton (Crypt:2)
  A demigod skeleton (Crypt:1)
  2 hound skeletons
  41 mummies
  A worker ant zombie (D:5)
  6 gnolls
  12 adders
  15 shadow imps
  26 white imps
  A worker ant simulacrum (D:11)
  10 ufetubi
  3 oozes
  2 swamp drake simulacra (Swamp:4)
  An iguana skeleton (Crypt:1)
  2 worms
  4 ball lightnings
  A barachi skeleton (Crypt:2)
  2 dart slugs (D:2)
  7 leopard geckos
  104 orcs
  A ball python (D:2)
  7 bats
  8 giant cockroaches
  A giant cockroach (shapeshifter) (Elf:2)
  10 goblins
  11 hobgoblins
  16 jackals
  20 kobolds
  4 quokkas
  5 frilled lizards
  A goblin zombie (Crypt:2)
  A jackal skeleton (Crypt:2)
  2 kobold skeletons
  A leopard gecko zombie (D:9)
  A quokka zombie (D:7)
  6 rats
  A crawling corpse (Elf:3)
  2 plants
  2 starspawn tentacles (Abyss:1)
  6 tentacles (Coc:7)
5028 creatures vanquished.

Vanquished Creatures (collateral kills)
  5 greater mummies
  A deep elf blademaster (Crypt:3)
  2 titans (Tomb:1)
  A deep elf master archer (Crypt:3)
  A sphinx (Tomb:1)
  A revenant (Tomb:1)
  3 fire giants
  2 frost giants (Crypt:3)
  A stone giant (Crypt:3)
  2 bennus (Tomb:2)
  A black draconian (Crypt:3)
  A white draconian (Crypt:3)
  25 death scarabs
  A deep elf knight (Tomb:1)
  A titan skeleton (Tomb:3)
  A deep elf archer (Crypt:3)
  A deep elf mage (Crypt:3)
  10 guardian mummies
  A harpy skeleton (Tomb:3)
  A hydra skeleton (Tomb:3)
  2 flying skulls
  5 mummies (Tomb:2)
69 creatures vanquished.

Vanquished Creatures (others)
  An ancient lich (Tomb:3)
  A deep elf sorcerer (Vaults:5)
  A corrupter (Pan)
  A reaper (IceCv)
  An alligator (Swamp:4)
  A hell hog (Depths:1)
  8 death scarabs (Tomb:3)
  A skeletal warrior (Tomb:2)
  An anaconda zombie (Coc:1)
  A deep elf mage (Crypt:3)
  4 moths of wrath
  A bog body (Swamp:1)
  7 flying skulls
  A wraith (Geh:7)
  A warg (Depths:4)
  A swamp drake (Swamp:4)
  An iron imp (Dis:7)
  A mummy (Tomb:2)
  3 white imps (IceCv)
  2 ufetubi (IceCv)
  A ball lightning (Pan)
  A demonic plant (Abyss:3)
  2 fire vortices (Pan)
  23 fungi
  42 pillars of salt
  21 plants
  17 tentacles (Coc:7)
146 creatures vanquished.

Grand Total: 5243 creatures vanquished

Notes
Turn   | Place    | Note
-------+----------+-------------------------------------------
     0 | D:1      | MeekVeins the Centaur Arcane Marksman began the quest for
                  | the Orb.
     0 | D:1      | Reached XP level 1. HP: 16/16 MP: 2/2
    18 | D:1      | Reached skill level 3 in Bows
    97 | D:1      | Reached XP level 2. HP: 23/23 MP: 3/3
   663 | D:2      | Reached XP level 3. HP: 25/29 MP: 4/4
   783 | D:2      | Found a deep blue altar of Sif Muna.
  1110 | D:2      | Reached XP level 4. HP: 19/36 MP: 5/5
  1989 | D:3      | Reached skill level 6 in Bows
  2038 | D:3      | Noticed an ogre
  2077 | D:3      | Killed an ogre
  2077 | D:3      | Reached skill level 3 in Fighting
  2077 | D:3      | Reached XP level 5. HP: 45/45 MP: 6/6
  2158 | D:3      | Found a sparkling altar of Nemelex Xobeh.
  2672 | D:4      | Got a scorched dagger
  2673 | D:4      | Identified the cursed +2 dagger of the Chickpea {pierce,
                  | +Blink +Inv +Fly Stlth-} (You found it on level 4 of the
                  | Dungeon)
  3016 | D:4      | Reached XP level 6. HP: 45/52 MP: 7/7
  3170 | D:4      | Noticed an ice beast
  3220 | D:4      | Noticed Menkaure
  3237 | D:4      | Killed an ice beast
  3306 | D:4      | Killed Menkaure
  3396 | D:4      | Found a snail-covered altar of Cheibriados.
  3423 | D:4      | Found a blossoming altar of Fedhas.
  3445 | D:4      | Found a shimmering altar of Xom.
  3457 | D:4      | Found a shadowy altar of Dithmenos.
  3541 | D:4      | Found an iron altar of Okawaru.
  3596 | D:4      | Became a worshipper of Warmaster Okawaru
  3632 | D:4      | Reached XP level 7. HP: 59/59 MP: 8/8
  3748 | D:5      | Entered Level 5 of the Dungeon
  3761 | D:5      | Noticed Eustachio
  3830 | D:5      | Noticed Edmund
  3877 | D:5      | Killed Edmund
  3877 | D:5      | Reached skill level 9 in Bows
  4219 | D:5      | Reached * piety under Okawaru
  4581 | D:5      | Reached XP level 8. HP: 62/66 MP: 9/9
  5131 | D:6      | Noticed Sigmund
  5182 | D:6      | Noticed Prince Ribbit
  5210 | D:6      | Killed Prince Ribbit
  5210 | D:6      | Reached skill level 12 in Bows
  5291 | D:6      | Found a hide-covered altar of Uskayaw.
  5292 | D:6      | Found the +10 morningstar "Eos" {elec, Halo rElec}
  5359 | D:6      | Reached ** piety under Okawaru
  5368 | D:6      | Reached skill level 1 in Maces & Flails
  5368 | D:6      | Noticed Grinder
  5377 | D:6      | Paralysed by Grinder for 7 turns
  5387 | D:6      | Killed Grinder
  5575 | D:6      | Killed Sigmund
  5575 | D:6      | Reached skill level 3 in Maces & Flails
  5709 | D:6      | Reached XP level 9. HP: 71/75 MP: 10/10
  5932 | D:7      | Reached skill level 6 in Fighting
  6044 | D:7      | Found a staircase to the Ecumenical Temple.
  6102 | D:7      | Reached *** piety under Okawaru
  6142 | D:7      | Found Pump's General Store.
  6255 | D:7      | Noticed a troll
  6265 | D:7      | Killed a troll
  6582 | D:7      | Found a glowing silver altar of Zin.
  6624 | D:7      | Reached skill level 1 in Armour
  7020 | D:8      | Reached skill level 1 in Shields
  7063 | D:8      | Noticed Maurice
  7270 | D:8      | Killed Maurice
  7512 | D:8      | Found a hazy altar of Hepliaklqana.
  7678 | D:8      | Reached **** piety under Okawaru
  7678 | D:8      | Received a gift from Okawaru
  7850 | D:8      | Found a burning altar of Makhleb.
  8368 | D:9      | Reached XP level 10. HP: 85/88 MP: 11/11
  8376 | D:9      | Noticed Grum
  8613 | D:9      | Killed Grum
  8950 | D:9      | Found a staircase to the Orcish Mines.
  8990 | D:9      | Received a gift from Okawaru
  9274 | D:9      | Reached skill level 6 in Maces & Flails
  9499 | D:9      | Reached ***** piety under Okawaru
  9810 | D:10     | Entered Level 10 of the Dungeon
  9815 | D:10     | Noticed an unseen horror
  9818 | D:10     | Killed an unseen horror
  9898 | D:10     | Received a gift from Okawaru
  9923 | D:10     | Found a staircase to the Lair.
  9959 | D:10     | Reached skill level 3 in Armour
  9963 | D:10     | Received a gift from Okawaru
  9964 | D:10     | Reached XP level 11. HP: 55/95 MP: 12/12
 10155 | D:10     | Noticed Erica
 10190 | D:10     | Killed Erica
 10598 | D:10     | Reached skill level 9 in Fighting
 10601 | D:10     | Received a gift from Okawaru
 11196 | Lair:1   | Entered Level 1 of the Lair of Beasts
 11858 | Lair:2   | Reached ****** piety under Okawaru
 12043 | Lair:2   | Found a staircase to the Swamp.
 12194 | Lair:2   | Reached skill level 1 in Invocations
 12681 | Lair:1   | Reached skill level 3 in Invocations
 12695 | Lair:1   | Received a gift from Okawaru
 13388 | Lair:1   | Received a gift from Okawaru
 13437 | Lair:1   | Noticed an oklob plant
 13481 | Lair:1   | Reached skill level 9 in Maces & Flails
 13732 | Lair:1   | Killed an oklob plant
 13732 | Lair:1   | Received a gift from Okawaru
 13734 | Lair:1   | Noticed an oklob plant
 14123 | Lair:1   | Killed an oklob plant
 14312 | Lair:1   | Noticed an oklob plant
 14884 | Lair:1   | Killed an oklob plant
 14884 | Lair:1   | Reached XP level 12. HP: 57/106 MP: 8/15
 14892 | Lair:1   | Got a slimy shortbow
 14893 | Lair:1   | Identified the cursed +3 shortbow of Pibbuach {velocity,
                  | Int+4} (You found it on level 1 of the Lair of Beasts)
 16598 | Lair:3   | Received a gift from Okawaru
 16972 | Lair:4   | Found a staircase to the Snake Pit.
 16996 | Lair:4   | Received a gift from Okawaru
 17003 | Lair:4   | Found a frozen archway.
 17085 | IceCv    | Entered an ice cave
 17571 | IceCv    | Reached skill level 15 in Bows
 17785 | IceCv    | Killed a reaper
 17916 | IceCv    | Received a gift from Okawaru
 18002 | IceCv    | Received a gift from Okawaru
 20024 | Lair:4   | Reached XP level 13. HP: 89/113 MP: 16/16
 20227 | Lair:4   | Received a gift from Okawaru
 20330 | Lair:4   | Received a gift from Okawaru
 20733 | Lair:4   | Received a gift from Okawaru
 21105 | Lair:5   | Noticed Josephine
 21138 | Lair:5   | Killed Josephine
 21138 | Lair:5   | Reached skill level 6 in Invocations
 21180 | Lair:5   | Received a gift from Okawaru
 21268 | Lair:5   | Reached skill level 12 in Maces & Flails
 21357 | Lair:5   | Found a white marble altar of Elyvilon.
 21754 | Lair:5   | Reached skill level 6 in Armour
 22426 | Lair:6   | Entered Level 6 of the Lair of Beasts
 22770 | Lair:6   | Received a gift from Okawaru
 23139 | Lair:6   | Received a gift from Okawaru
 23241 | Lair:6   | Received a gift from Okawaru
 23242 | Lair:6   | Found the +8 storm bow {god gift, elec}
 23561 | Lair:6   | Found a viscous altar of Jiyva.
 23562 | Lair:6   | Found a staircase to the Slime Pits.
 23706 | Lair:6   | Received a gift from Okawaru
 23887 | Lair:6   | Reached XP level 14. HP: 115/124 MP: 20/20
 24663 | Orc:1    | Entered Level 1 of the Orcish Mines
 24848 | Orc:2    | Entered Level 2 of the Orcish Mines
 25016 | Orc:2    | Noticed an orc warlord
 25064 | Orc:2    | Noticed an orc warlord
 25150 | Orc:1    | Found a roughly hewn altar of Beogh.
 25523 | Orc:2    | Killed an orc warlord
 25529 | Orc:2    | Found Wociullu's General Store.
 25548 | Orc:2    | Killed an orc warlord
 25553 | Orc:2    | Received a gift from Okawaru
 25565 | Orc:2    | Got a fine shortbow {god gift}
 25637 | Orc:2    | Paralysed by an orc sorcerer for 3 turns
 25644 | Orc:2    | Reached skill level 18 in Bows
 25688 | Orc:2    | Identified the +7 shortbow of Oenomania {god gift,
                  | velocity, *Contam rElec rF+ MR++} (Okawaru gifted it to you
                  | on level 2 of the Orcish Mines)
 25725 | Orc:2    | Reached skill level 12 in Fighting
 25797 | Orc:2    | Found Uteqan's Antique Weapon Shoppe.
 25855 | Orc:2    | Found a roughly hewn altar of Beogh.
 25946 | Orc:2    | Found Paik's Book Shoppe.
 25959 | Orc:2    | Found a staircase to the Elven Halls.
 26211 | Orc:2    | Found Jaifoleamm's Antique Armour Emporium.
 26480 | Orc:2    | Received a gift from Okawaru
 26897 | D:8      | Got a bloodstained robe
 26908 | D:8      | Identified the +2 robe of the Ten Tales {rPois rF+ Stlth-}
                  | (You found it on level 8 of the Dungeon)
 27084 | D:11     | Found Jusy's Antique Armour Shoppe.
 27098 | D:11     | Bought a transparent helmet for 209 gold pieces
 27109 | D:11     | Identified the +0 helmet of Recklessness {rElec Slay+3}
                  | (You bought it in a shop on level 11 of the Dungeon)
 27145 | D:11     | Found a flagged portal.
 27157 | Bailey   | Entered a bailey
 27341 | Bailey   | Reached skill level 3 in Dodging
 28024 | D:11     | Received a gift from Okawaru
 28439 | D:11     | Found a runed door.
 28443 | D:11     | Noticed domsik's ghost (novice MiBe)
 28637 | D:12     | Found Xagufof's Jewellery Emporium.
 28977 | D:12     | Identified the Grimoire of Enchanting Changing
 29421 | D:13     | Noticed Kirke
 29433 | D:13     | Killed Kirke
 29433 | D:13     | Reached XP level 15. HP: 129/136 MP: 21/21
 29702 | D:13     | Found a gate to the Vaults.
 29869 | D:13     | Received a gift from Okawaru
 30058 | D:13     | Got a dazzling chain mail
 30069 | D:13     | Identified the cursed +0 chain mail of Cerajog {rN+ Int+4
                  | Dex+4} (You found it on level 13 of the Dungeon)
 30198 | D:14     | Noticed Azrael
 30205 | D:14     | Killed Azrael
 30205 | D:14     | Received a gift from Okawaru
 30329 | D:14     | Found a large runed door.
 30330 | D:14     | Found a large runed door.
 30330 | D:14     | Noticed dafubar's ghost (journeyman MiBe)
 30360 | D:14     | Received a gift from Okawaru
 30527 | D:14     | Reached skill level 6 in Dodging
 30676 | D:14     | Reached skill level 3 in Hexes
 30681 | D:14     | Learned a level 3 spell: Portal Projectile
 30684 | D:14     | Learned a level 2 spell: Shroud of Golubria
 31010 | D:14     | Reached skill level 1 in Translocations
 31267 | D:14     | Killed dafubar's ghost
 31345 | D:15     | Entered Level 15 of the Dungeon
 31368 | D:15     | Found a staircase to the Depths.
 31368 | D:15     | Noticed a fire giant
 31374 | D:15     | Killed a fire giant
 31374 | D:15     | Received a gift from Okawaru
 31394 | D:15     | Found a runed gate.
 31394 | D:15     | Found a runed gate.
 31399 | D:15     | Found a runed gate.
 31404 | D:15     | Noticed Armakuni's ghost (journeyman DgAr)
 31423 | D:15     | Received a gift from Okawaru
 31423 | D:15     | Reached skill level 1 in Charms
 31423 | D:15     | Reached skill level 3 in Translocations
 32122 | D:15     | Received a gift from Okawaru
 32477 | D:12     | Bought an uncursed ring of poison resistance for 280 gold
                  | pieces
 32644 | Swamp:1  | Entered Level 1 of the Swamp
 32663 | Swamp:1  | Reached skill level 3 in Charms
 33031 | Swamp:1  | Reached skill level 6 in Hexes
 33197 | Swamp:1  | Received a gift from Okawaru
 33198 | Swamp:1  | Found the +8 whip "Snakebite" {god gift, curare, rPois}
 33424 | Swamp:1  | Reached skill level 6 in Translocations
 33424 | Swamp:1  | Reached XP level 16. HP: 130/146 MP: 22/22
 33653 | Swamp:1  | Noticed Nikola
 33679 | Swamp:1  | Killed Nikola
 33727 | Swamp:1  | Noticed a tentacled monstrosity
 33807 | Swamp:1  | Killed a tentacled monstrosity
 34082 | Swamp:2  | Received a gift from Okawaru
 34483 | Swamp:2  | Got a transparent robe
 34494 | Swamp:2  | Identified the cursed +0 robe "Xeqeet" {Int+4} (You found
                  | it on level 2 of the Swamp)
 35070 | Swamp:3  | Noticed a tentacled monstrosity
 35116 | Swamp:3  | Noticed a thorn hunter
 35130 | Swamp:3  | Killed a thorn hunter
 35169 | Swamp:3  | Received a gift from Okawaru
 35295 | Swamp:3  | Reached skill level 15 in Fighting
 35653 | Swamp:3  | Killed a tentacled monstrosity
 36047 | Swamp:4  | Entered Level 4 of the Swamp
 36180 | Swamp:4  | Received a gift from Okawaru
 37139 | Swamp:4  | Received a gift from Okawaru
 37558 | Swamp:4  | Got a decaying rune of Zot
 37768 | Snake:1  | Entered Level 1 of the Snake Pit
 37925 | Snake:1  | Learned a level 2 spell: Blink
 38020 | Snake:1  | Received a gift from Okawaru
 38476 | Snake:1  | Noticed Asterion
 38491 | Snake:1  | Killed Asterion
 38964 | Snake:2  | Reached XP level 17. HP: 113/158 MP: 23/23
 39285 | Snake:2  | Found a runed gate.
 39291 | Snake:2  | Noticed RKaid's ghost (adept SpVM)
 39328 | Snake:2  | Found a runed gate.
 39328 | Snake:2  | Found a runed gate.
 39363 | Snake:2  | Got a translucent flail
 39364 | Snake:2  | Identified the +4 flail of Watchfulness {crush, Str+7
                  | Dex-2} (You found it on level 2 of the Snake Pit)
 40161 | Snake:3  | Received a gift from Okawaru
 40177 | Snake:3  | Got a pitted quarterstaff {god gift}
 40178 | Snake:3  | Identified the +10 quarterstaff of Malaise {god gift,
                  | flame, rF++ rN+ Dex-3} (Okawaru gifted it to you on level 3
                  | of the Snake Pit)
 40740 | Snake:4  | Entered Level 4 of the Snake Pit
 40894 | Snake:4  | Received a gift from Okawaru
 40910 | Snake:4  | Reached skill level 9 in Armour
 41360 | Snake:4  | Found Puischiv's Jewellery Shop.
 41360 | Snake:4  | Found Jaon's Gadget Emporium.
 41361 | Snake:4  | Found Emerph's Jewellery Shop.
 41369 | Snake:4  | Bought the ring of Twilight {rC+ Str+4 Int+4 Slay+6} for
                  | 2867 gold pieces
 41460 | Snake:4  | Received a gift from Okawaru
 41828 | Snake:4  | Received a gift from Okawaru
 41846 | Snake:4  | Got a bone dire flail {god gift}
 42200 | Snake:4  | Received a gift from Okawaru
 42201 | Snake:4  | Identified the +10 dire flail of the Eternal Warrior {god
                  | gift, flame, rC+ rN+++} (Okawaru gifted it to you on level
                  | 4 of the Snake Pit)
 42229 | Snake:4  | Reached XP level 18. HP: 144/168 MP: 21/24
 42746 | Snake:4  | Received a gift from Okawaru
 42837 | Snake:4  | Got a serpentine rune of Zot
 42964 | Snake:4  | Received a gift from Okawaru
 43649 | Vaults:1 | Entered Level 1 of the Vaults
 44260 | Vaults:1 | Received a gift from Okawaru
 44390 | Vaults:1 | Received a gift from Okawaru
 44390 | Vaults:1 | Reached skill level 18 in Fighting
 45553 | Vaults:2 | Received a gift from Okawaru
 46218 | Vaults:2 | Got a transparent tin ring
 46253 | Vaults:2 | Found Migatu Erun's Food Emporium.
 46428 | Vaults:2 | Reached XP level 19. HP: 179/179 MP: 25/25
 46888 | Vaults:2 | Found a staircase to the Crypt.
 47117 | Vaults:2 | Noticed Frederick
 47155 | Vaults:2 | Killed Frederick
 47271 | Vaults:2 | Received a gift from Okawaru
 47603 | Vaults:2 | Noticed Mennas
 47677 | Vaults:2 | Killed Mennas
 47683 | Vaults:2 | Identified the ring "Ythrerety" {+Fly rN+ Int+2 Stlth+}
                  | (You took it off an orc knight on level 2 of the Vaults)
 47992 | Vaults:2 | Found a portal to a secret trove of treasure.
 48009 | Vaults:2 | Upgraded the game from 0.23-a0-239-g84a5ed292d to
                  | 0.23-a0-241-g3b46b076a4
 48164 | Vaults:3 | Received a gift from Okawaru
 48168 | Vaults:3 | Identified the +1 shortbow of Causality {god gift,
                  | velocity, rC+ rN+ Str+3} (Okawaru gifted it to you on level
                  | 3 of the Vaults)
 48248 | Vaults:3 | Reached skill level 9 in Dodging
 48471 | Vaults:3 | Found a gateway to a bazaar.
 48502 | Bazaar   | Entered a bazaar
 48506 | Bazaar   | Found Liraecus's Jewellery Boutique.
 48524 | Bazaar   | Found Fomaol's Antique Armour Emporium.
 48541 | Bazaar   | Found Ril Ruhi's Gadget Boutique.
 48558 | Bazaar   | Found Gucaruyg's Antique Weapon Shoppe.
 48595 | Bazaar   | Bought a pair of embroidered gloves for 157 gold pieces
 48595 | Bazaar   | Bought an embroidered scarf for 168 gold pieces
 48828 | Vaults:3 | Reached skill level 12 in Armour
 48874 | Vaults:3 | Received a gift from Okawaru
 49266 | Vaults:3 | Received a gift from Okawaru
 49547 | Vaults:3 | Noticed Sojobo
 49937 | Vaults:3 | Killed Sojobo
 49937 | Vaults:3 | Received a gift from Okawaru
 50000 | Vaults:3 | Received a gift from Okawaru
 50076 | Vaults:3 | Reached XP level 20. HP: 189/189 MP: 24/26
 50397 | Vaults:4 | Found Qafaast's Armour Emporium.
 51315 | Vaults:4 | Received a gift from Okawaru
 51321 | Vaults:4 | Got an ancient crystal plate armour {god gift}
 51335 | Vaults:4 | Identified the +0 crystal plate armour of Compression {god
                  | gift, Int+5 Dex-5 Slay+2 Stlth+} (Okawaru gifted it to you
                  | on level 4 of the Vaults)
 52968 | Elf:1    | Entered Level 1 of the Elven Halls
 53097 | Elf:1    | Reached skill level 9 in Translocations
 53332 | Elf:1    | Received a gift from Okawaru
 53638 | Elf:1    | Found Xuontemn's Jewellery Shoppe.
 53939 | Elf:2    | Received a gift from Okawaru
 53940 | Elf:2    | Got a jewelled centaur barding {god gift}
 53956 | Elf:1    | Identified the +1 centaur barding of Yxur {god gift,
                  | *Corrode rElec rPois Int+5} (Okawaru gifted it to you on
                  | level 2 of the Elven Halls)
 54646 | Elf:2    | Reached XP level 21. HP: 201/201 MP: 27/27
 54665 | Elf:2    | Found a runed gate.
 54665 | Elf:2    | Found a runed gate.
 54676 | Elf:2    | Found a runed gate.
 55716 | Elf:3    | Entered Level 3 of the Elven Halls
 56014 | Elf:3    | Learned a level 2 spell: Song of Slaying
 56018 | Elf:3    | Learned a level 3 spell: Regeneration
 56330 | Elf:3    | Received a gift from Okawaru
 56333 | Elf:3    | Reached skill level 1 in Necromancy
 56392 | Elf:3    | Received a gift from Okawaru
 56434 | Elf:3    | Reached skill level 3 in Necromancy
 56493 | Elf:3    | Received a gift from Okawaru
 56534 | Elf:3    | Reached skill level 6 in Charms
 56589 | Elf:3    | Received a gift from Okawaru
 56671 | Elf:3    | Got a flickering bronze amulet
 56728 | Elf:3    | Got a glittering tin amulet
 56761 | Elf:3    | Identified the +2 helmet of Fael Zex {rPois Stlth+} (You
                  | found it on level 3 of the Elven Halls)
 56762 | Elf:3    | Identified the amulet of Qummauxt {Faith MR+ Dex+3} (You
                  | took it off a deep elf elementalist on level 3 of the Elven
                  | Halls)
 56763 | Elf:3    | Identified the amulet of Itur {+Rage rElec rPois rN+ Str+4}
                  | (You took it off a deep elf death mage on level 3 of the
                  | Elven Halls)
 56778 | Elf:3    | Got an encrusted crystal plate armour
 56789 | Elf:3    | Identified the +4 crystal plate armour of Indemnity {+Blink
                  | +Inv MP+9} (You found it on level 3 of the Elven Halls)
 56836 | Elf:3    | Identified the Volume of Shifting Stones
 56844 | Elf:3    | Identified Qidapedd's Compendium of Sinister Rites
 57227 | Elf:3    | Identified Sif Muna's Grimoire of the Oath
 57937 | Slime:1  | Entered Level 1 of the Pits of Slime
 58904 | Slime:3  | Reached XP level 22. HP: 63/211 MP: 4/28
 59254 | Slime:5  | Entered Level 5 of the Pits of Slime
 59291 | Slime:5  | Received a gift from Okawaru
 59314 | Slime:5  | Identified the +0 shortbow "Vozot" {god gift, freeze, rF++}
                  | (Okawaru gifted it to you on level 5 of the Pits of Slime)
 59465 | Slime:5  | Reached skill level 12 in Dodging
 59499 | Slime:4  | Gained mutation: Your movements are slightly less
                  | encumbered by armour. (ER -2) [a shining eye]
 59928 | Slime:5  | Found a viscous altar of Jiyva.
 59929 | Slime:5  | Found the +7 captain's cutlass {speed, disarm}
 59985 | Slime:5  | Received a gift from Okawaru
 59995 | Slime:5  | Noticed the Royal Jelly
 60182 | Slime:5  | Killed the Royal Jelly
 60182 | Slime:5  | Received a gift from Okawaru
 60263 | Slime:5  | Gained mutation: You are clumsy. (Dex -2) [a shining eye]
 60738 | Slime:5  | Identified the Disquisition on Helpful Earth
 60827 | Slime:5  | Identified the +9 great mace of Qazlal {crush, rPois rC+++
                  | Dex-4} (You found it on level 5 of the Pits of Slime)
 60831 | Slime:5  | Identified the Reference Book on the Rocks
 60896 | Slime:5  | Got a slimy rune of Zot
 61223 | Depths:1 | Entered Level 1 of the Depths
 61329 | Depths:1 | Found a gateway to a ziggurat.
 62089 | Depths:1 | Received a gift from Okawaru
 62109 | Depths:1 | Found a runed door.
 62111 | Depths:1 | Noticed Buw Zyr's ghost (adept MiFi)
 62146 | Depths:1 | Found a gateway to Hell.
 62581 | D:11     | Bought smelly shadow dragon scales for 1870 gold pieces
 62591 | D:11     | Identified the +3 shadow dragon scales of the Wasteland
                  | {Str+7 Stlth++++} (You bought it in a shop on level 11 of
                  | the Dungeon)
 63185 | Depths:2 | Received a gift from Okawaru
 63495 | Depths:2 | Received a gift from Okawaru
 64722 | Depths:3 | Reached XP level 23. HP: 197/218 MP: 29/29
 64787 | Depths:3 | Reached skill level 21 in Fighting
 64890 | Depths:3 | Found Disilo's Magic Scroll Shop.
 64895 | Depths:3 | Reached skill level 21 in Bows
 64899 | Depths:3 | Found Dutticabbu's Antique Armour Emporium.
 64951 | Depths:3 | Found Xoplutoc's Book Shop.
 64972 | Depths:3 | Received a gift from Okawaru
 65718 | Depths:3 | Noticed a caustic shrike
 65728 | Depths:3 | Killed a caustic shrike
 66298 | Depths:3 | Found a one-way gate leading to the halls of Pandemonium.
 66302 | Depths:3 | Received a gift from Okawaru
 66527 | Depths:3 | Found an iron altar of Okawaru.
 66904 | Depths:5 | Entered Level 5 of the Depths
 66904 | Depths:5 | Found Vonlysh's Assorted Antiques.
 66916 | Depths:5 | Noticed a caustic shrike
 66921 | Depths:5 | Killed a caustic shrike
 66921 | Depths:5 | Received a gift from Okawaru
 66937 | Depths:5 | Received a gift from Okawaru
 66955 | Depths:5 | Received a gift from Okawaru
 67606 | Depths:5 | Noticed a caustic shrike
 67623 | Depths:5 | Killed a caustic shrike
 67794 | Depths:5 | Reached XP level 24. HP: 188/233 MP: 29/29
 68195 | Depths:5 | Received a gift from Okawaru
 68378 | Depths:5 | Found a one-way gate to the infinite horrors of the Abyss.
 68437 | Depths:5 | Received a gift from Okawaru
 68491 | Depths:5 | Found a gate to the Realm of Zot.
 68499 | Depths:5 | Received a gift from Okawaru
 68506 | Depths:5 | Got an ichor-stained plate armour {god gift}
 69226 | Depths:5 | Identified the +6 plate armour of Amelioration {god gift,
                  | Dex+2} (Okawaru gifted it to you on level 5 of the Depths)
 69273 | Depths:4 | Noticed an ancient lich
 69284 | Depths:4 | Killed an ancient lich
 70287 | Depths:4 | Reached skill level 9 in Invocations
 70745 | Depths:5 | Got a jewelled centaur barding {god gift}
 70756 | Depths:5 | Identified the +1 centaur barding "Fuorhyig" {god gift, rC-
                  | Int+3 Dex+3} (Okawaru gifted it to you on level 5 of the
                  | Depths)
 71027 | Vaults:5 | Entered Level 5 of the Vaults
 71038 | Vaults:4 | Received a gift from Okawaru
 71074 | Vaults:4 | Received a gift from Okawaru
 71275 | Vaults:5 | Reached skill level 3 in Spellcasting
 71285 | Vaults:5 | Received a gift from Okawaru
 71377 | Vaults:5 | Received a gift from Okawaru
 71405 | Vaults:5 | Received a gift from Okawaru
 71541 | Vaults:5 | Reached XP level 25. HP: 166/243 MP: 30/30
 71546 | Vaults:5 | Received a gift from Okawaru
 71766 | Vaults:5 | Reached skill level 15 in Armour
 71976 | Vaults:5 | Received a gift from Okawaru
 72124 | Vaults:5 | Identified the +3 chain mail of Purpose {god gift, +Fly}
                  | (Okawaru gifted it to you on level 5 of the Vaults)
 72229 | Vaults:5 | Noticed an ancient lich
 72235 | Vaults:5 | Killed an ancient lich
 72374 | Vaults:5 | Received a gift from Okawaru
 72760 | Vaults:5 | Found Wotwaeg's Gadget Shoppe.
 72870 | Vaults:5 | Identified the +0 pair of gloves of Dyspraxia {rPois Str+4}
                  | (You found it on level 5 of the Vaults)
 73353 | Vaults:5 | Got a silver rune of Zot
 73375 | Vaults:5 | Identified the Grimoire of Ghastly Heat
 73754 | Depths:3 | Bought a book of the Warp for 2160 gold pieces
 73968 | D:8      | Learned a level 6 spell: Dispersal
 74189 | Zot:1    | Entered Level 1 of the Realm of Zot
 74829 | Depths:3 | Bought a scroll of enchant weapon for 142 gold pieces
 74829 | Depths:3 | Bought a scroll of magic mapping for 66 gold pieces
 75699 | Zot:2    | Received a gift from Okawaru
 75755 | Zot:2    | Received a gift from Okawaru
 75951 | Zot:2    | Received a gift from Okawaru
 75951 | Zot:2    | Reached XP level 26. HP: 228/250 MP: 30/30
 76454 | Zot:2    | Reached skill level 12 in Translocations
 77537 | Zot:3    | Received a gift from Okawaru
 77548 | Zot:3    | Identified the +0 pair of gloves of Vanity {god gift,
                  | Slay+3} (Okawaru gifted it to you on level 3 of the Realm
                  | of Zot)
 79172 | Zot:4    | Reached skill level 18 in Armour
 79544 | Zot:4    | Reached skill level 15 in Translocations
 79585 | Zot:4    | Received a gift from Okawaru
 81110 | Temple   | Entered the Ecumenical Temple
 81126 | Temple   | Fell from the grace of Okawaru
 81126 | Temple   | Became a worshipper of the Shining One
 81379 | Crypt:1  | Entered Level 1 of the Crypt
 81573 | Crypt:1  | Reached * piety under the Shining One
 82494 | Crypt:1  | Reached ** piety under the Shining One
 82719 | Crypt:2  | Reached *** piety under the Shining One
 82778 | Crypt:2  | Reached **** piety under the Shining One
 82893 | Crypt:2  | Reached XP level 27. HP: 258/258 MP: 30/30
 82912 | Crypt:2  | Reached ***** piety under the Shining One
 82976 | Crypt:2  | Identified the Tome of Unholy Rituals
 83435 | Crypt:2  | Reached ****** piety under the Shining One
 83572 | Crypt:2  | Identified a +9 longbow of holy wrath {god gift} (a +9
                  | longbow of freezing {god gift} blessed by the Shining One)
 83572 | Crypt:2  | Received a gift from the Shining One
 83961 | Crypt:3  | Entered Level 3 of the Crypt
 84460 | Crypt:3  | Found an ancient bone altar of Kikubaaqudgha.
 84898 | Crypt:3  | Reached skill level 12 in Invocations
 84950 | Crypt:3  | Identified a scroll of acquirement
 85005 | Crypt:3  | Found the +5 robe of Night {Dark MR+ SInv}
 85200 | Crypt:3  | Found a staircase to the Tomb.
 85200 | Crypt:3  | Noticed Khufu
 85209 | Crypt:3  | Killed Khufu
 86169 | Tomb:1   | Entered Level 1 of the Tomb of the Ancients
 86208 | Tomb:1   | Noticed Jory
 86214 | Tomb:1   | Killed Jory
 86579 | Tomb:1   | Noticed a greater mummy
 87405 | Tomb:1   | Reached skill level 18 in Translocations
 87460 | Tomb:1   | Noticed a greater mummy
 87467 | Tomb:1   | Killed a greater mummy
 88371 | Tomb:1   | Killed a greater mummy
 88829 | Vaults:4 | Bought a scarf of cloud immunity for 126 gold pieces
 89121 | Depths:3 | Bought a book of the Sky for 1560 gold pieces
 89128 | Depths:3 | Learned a level 6 spell: Deflect Missiles
 89823 | Tomb:2   | Noticed a greater mummy
 89823 | Tomb:2   | Noticed a greater mummy
 89823 | Tomb:2   | Noticed a greater mummy
 89823 | Tomb:2   | Noticed a greater mummy
 89839 | Tomb:2   | Killed a greater mummy
 89839 | Tomb:2   | Reached skill level 1 in Air Magic
 89845 | Tomb:2   | Was forgiven by Okawaru
 89866 | Tomb:2   | Killed a greater mummy
 89884 | Tomb:2   | Killed a greater mummy
 89884 | Tomb:2   | Reached skill level 3 in Air Magic
 89884 | Tomb:2   | Reached skill level 15 in Invocations
 90231 | Tomb:2   | Killed a greater mummy
 90820 | Tomb:1   | Noticed a greater mummy
 90823 | Tomb:1   | Killed a greater mummy
 91018 | Tomb:1   | Noticed a greater mummy
 91029 | Tomb:1   | Killed a greater mummy
 91274 | Tomb:1   | Noticed a greater mummy
 91280 | Tomb:1   | Killed a greater mummy
 91307 | Tomb:1   | Noticed a greater mummy
 91314 | Tomb:1   | Killed a greater mummy
 91318 | Tomb:1   | Noticed a greater mummy
 91321 | Tomb:1   | Killed a greater mummy
 91321 | Tomb:1   | Reached skill level 6 in Air Magic
 91368 | Tomb:1   | Noticed a greater mummy
 91375 | Tomb:1   | Killed a greater mummy
 91390 | Tomb:1   | Noticed a greater mummy
 91393 | Tomb:1   | Noticed a greater mummy
 91395 | Tomb:1   | Killed a greater mummy
 91401 | Tomb:1   | Killed a greater mummy
 91635 | Tomb:1   | Noticed a greater mummy
 91638 | Tomb:1   | Killed a greater mummy
 91689 | Tomb:1   | Noticed a greater mummy
 91695 | Tomb:1   | Killed a greater mummy
 91695 | Tomb:1   | Reached skill level 9 in Charms
 91697 | Tomb:1   | Noticed a greater mummy
 91704 | Tomb:1   | Killed a greater mummy
 91721 | Tomb:1   | Noticed a greater mummy
 91724 | Tomb:1   | Killed a greater mummy
 91928 | Tomb:2   | Lost mutation: You are clumsy. (Dex -2) [potion of
                  | mutation]
 91928 | Tomb:2   | Lost mutation: Your movements are slightly less encumbered
                  | by armour. (ER -2) [potion of mutation]
 91928 | Tomb:2   | Gained mutation: You are partially covered in molten
                  | scales. (AC +2) [potion of mutation]
 91928 | Tomb:2   | Gained mutation: Scrolls take you a little longer to read.
                  | [potion of mutation]
 91928 | Tomb:2   | Gained mutation: You possess an exceptional clarity of
                  | mind. [potion of mutation]
 91929 | Tomb:2   | Lost mutation: Scrolls take you a little longer to read.
                  | [potion of mutation]
 91929 | Tomb:2   | Lost mutation: You are partially covered in molten scales.
                  | (AC +2) [potion of mutation]
 91929 | Tomb:2   | Lost mutation: You possess an exceptional clarity of mind.
                  | [potion of mutation]
 91929 | Tomb:2   | Gained mutation: You are clumsy. (Dex -2) [potion of
                  | mutation]
 91929 | Tomb:2   | Gained mutation: You are robust. (+10% HP) [potion of
                  | mutation]
 91929 | Tomb:2   | Gained mutation: Your system is resistant to poisons.
                  | (rPois) [potion of mutation]
 91930 | Tomb:2   | Lost mutation: You are robust. (+10% HP) [potion of
                  | mutation]
 91930 | Tomb:2   | Lost mutation: You are clumsy. (Dex -2) [potion of
                  | mutation]
 91930 | Tomb:2   | Gained mutation: You are dopey. (Int -2) [potion of
                  | mutation]
 91930 | Tomb:2   | Gained mutation: You are partially covered in molten
                  | scales. (AC +2) [potion of mutation]
 91931 | Tomb:2   | Lost mutation: You are partially covered in molten scales.
                  | (AC +2) [potion of mutation]
 91931 | Tomb:2   | Lost mutation: Your system is resistant to poisons. (rPois)
                  | [potion of mutation]
 91931 | Tomb:2   | Lost mutation: You are dopey. (Int -2) [potion of mutation]
 91931 | Tomb:2   | Gained mutation: Your magical capacity is low. (-10% MP)
                  | [potion of mutation]
 91931 | Tomb:2   | Gained mutation: You are surrounded by a mild repulsion
                  | field. (EV +2) [potion of mutation]
 91931 | Tomb:2   | Gained mutation: You are partially covered in rugged brown
                  | scales. (AC +1, +3% HP) [potion of mutation]
 91953 | Tomb:2   | Learned a level 4 spell: Passage of Golubria
 91954 | Tomb:3   | Entered Level 3 of the Tomb of the Ancients
 91980 | Tomb:3   | Reached skill level 9 in Air Magic
 92023 | Tomb:3   | Noticed an ancient lich
 92024 | Tomb:3   | Killed an ancient lich
 92040 | Tomb:3   | Noticed a greater mummy
 92043 | Tomb:3   | Killed a greater mummy
 92189 | Tomb:3   | Noticed a greater mummy
 92194 | Tomb:3   | Killed a greater mummy
 92194 | Tomb:3   | Noticed a greater mummy
 92202 | Tomb:3   | Noticed a greater mummy
 92210 | Tomb:3   | Killed a greater mummy
 92234 | Tomb:3   | Killed a greater mummy
 92257 | Tomb:3   | Noticed a greater mummy
 92265 | Tomb:3   | Killed a greater mummy
 92316 | Tomb:3   | Reached skill level 12 in Air Magic
 92396 | Tomb:3   | Noticed a greater mummy
 92401 | Tomb:3   | Killed a greater mummy
 92568 | Tomb:3   | Killed an ancient lich
 92645 | Tomb:3   | Found the bloodstained robe
 92648 | Tomb:3   | Found the ring of Phasing {EV+8}
 92652 | Tomb:3   | Identified the +4 chain mail of Disaster {SInv} (You found
                  | it on level 3 of the Tomb of the Ancients)
 92655 | Tomb:3   | Identified Suerugov's Guide on Enchanting Lightness
 92658 | Tomb:3   | Identified the Guide on Moulding
 92661 | Tomb:3   | Identified the ring "Buak" {*Corrode rC+ SInv Stlth+} (You
                  | found it on level 3 of the Tomb of the Ancients)
 92665 | Tomb:3   | Identified the amulet of Kegreu Reid {*Contam rElec Regen+
                  | Stlth+} (You found it on level 3 of the Tomb of the
                  | Ancients)
 92806 | Tomb:3   | Got a glittering ivory amulet
 92807 | Tomb:3   | Identified the amulet "Tepylas" {Harm *Drain Int+4 Dex-4}
                  | (You acquired it on level 3 of the Tomb of the Ancients)
 92948 | Tomb:3   | Reached skill level 12 in Charms
 92967 | Tomb:3   | Noticed a greater mummy
 92982 | Tomb:3   | Killed a greater mummy
 93023 | Tomb:3   | Got a golden rune of Zot
 93574 | D:7      | Lost mutation: Your magical capacity is low. (-10% MP)
                  | [potion of mutation]
 93574 | D:7      | Lost mutation: You are surrounded by a mild repulsion
                  | field. (EV +2) [potion of mutation]
 93574 | D:7      | Lost mutation: You are partially covered in rugged brown
                  | scales. (AC +1, +3% HP) [potion of mutation]
 93574 | D:7      | Gained mutation: You are partially covered in rugged brown
                  | scales. (AC +1, +3% HP) [potion of mutation]
 93574 | D:7      | Gained mutation: You have a pair of small horns on your
                  | head. [potion of mutation]
 93574 | D:7      | Gained mutation: You possess an exceptional clarity of
                  | mind. [potion of mutation]
 93576 | D:7      | Fell from the grace of the Shining One
 93576 | D:7      | Became a worshipper of Zin the Law-Giver
 93576 | D:7      | Reached * piety under Zin
 93576 | D:7      | Reached ** piety under Zin
 93576 | D:7      | Reached *** piety under Zin
 93576 | D:7      | Reached **** piety under Zin
 93586 | D:7      | Donated 1361 gold pieces to Zin
 93708 | Lair:3   | Reached ***** piety under Zin
 94305 | D:15     | Donated 680 gold pieces to Zin
 94408 | Depths:4 | Voluntarily entered the Abyss.
 94458 | Abyss:1  | Identified the +8 morningstar "Tyimoon" {crush, rC+ Dex+7
                  | SInv Stlth-} (You found it on level 1 of the Abyss)
 94584 | Abyss:2  | Found a corrupted altar of Lugonu.
 95110 | Abyss:3  | Found a huge runed gate.
 95110 | Abyss:3  | Found a huge runed gate.
 95110 | Abyss:3  | Found a huge runed gate.
 95110 | Abyss:3  | Found a huge runed gate.
 95110 | Abyss:3  | Found a huge runed gate.
 95110 | Abyss:3  | Found a huge runed gate.
 95111 | Abyss:3  | Found a huge runed gate.
 95114 | Abyss:3  | Found a huge runed gate.
 95123 | Abyss:3  | Found a large runed door.
 95125 | Abyss:3  | Found a large runed door.
 95145 | Abyss:3  | Found a large runed door.
 95182 | Abyss:3  | Found a corrupted altar of Lugonu.
 95198 | Abyss:3  | Found a large runed door.
 95198 | Abyss:3  | Found a large runed door.
 95206 | Abyss:3  | Found a huge runed gate.
 95210 | Abyss:3  | Found a huge runed gate.
 95212 | Abyss:3  | Found a huge runed gate.
 95212 | Abyss:3  | Found a huge runed gate.
 95212 | Abyss:3  | Found a large runed door.
 95243 | Abyss:3  | Reached ****** piety under Zin
 95251 | Abyss:3  | Found a huge runed gate.
 95273 | Abyss:3  | Got an abyssal rune of Zot
 95291 | Abyss:3  | Found a large runed door.
 95292 | Abyss:3  | Found a large runed door.
 95300 | Abyss:3  | Found a huge runed gate.
 95303 | Abyss:3  | Found a huge runed gate.
 95313 | Depths:4 | Escaped the Abyss
 95701 | Hell     | Entered the Vestibule of Hell
 95701 | Hell     | Noticed Geryon
 95712 | Hell     | Killed Geryon
 95991 | Hell     | Found a gateway to the ashen valley of Gehenna.
 96076 | Hell     | Found a gateway to the Iron City of Dis.
 96193 | Hell     | Found a gateway to the decaying netherworld of Tartarus.
 96330 | Hell     | Found a gateway to the freezing wastes of Cocytus.
 96592 | Geh:1    | Entered Level 1 of Gehenna
 97730 | Geh:5    | Reached skill level 15 in Air Magic
 98268 | Geh:7    | Entered Level 7 of Gehenna
 98920 | Geh:7    | Noticed the Serpent of Hell
 98929 | Geh:7    | Killed the Serpent of Hell
 98931 | Geh:7    | Reached skill level 24 in Bows
 99807 | Geh:7    | Found the +10 large shield of Ignorance {rN+ Int-4}
 99809 | Geh:7    | Identified the +1 leather armour of Qucyirab {rCorr Int+2}
                  | (You found it on level 7 of Gehenna)
 99825 | Geh:7    | Identified the Tome of Shifting Combat Magic
 99873 | Geh:7    | Noticed Asmodeus
 99902 | Geh:7    | Killed Asmodeus
 99921 | Geh:7    | Got an obsidian rune of Zot
100249 | Coc:1    | Entered Level 1 of Cocytus
101173 | Coc:7    | Entered Level 7 of Cocytus
101605 | Coc:7    | Reached skill level 18 in Invocations
102005 | Coc:7    | Gained mutation: You are frail. (-10% HP) [mutagenic glow]
102324 | Coc:7    | Identified Ohonecsu's Handbook of Ashen Intoxication
102821 | Coc:7    | Got a smoking ivory ring
102822 | Coc:7    | Identified the ring of Sonif {rCorr rElec rF+ Slay+2} (You
                  | took it off a skeletal warrior on level 7 of Cocytus)
103487 | Coc:7    | Noticed Antaeus
103536 | Coc:7    | Killed Antaeus
103552 | Coc:7    | Got a flickering tin ring
103553 | Coc:7    | Identified the ring of Nupnosy {*Drain +Blink Dex+2 Stlth-}
                  | (You took it off Antaeus on level 7 of Cocytus)
103828 | Coc:7    | Identified the Compendium of Sinister Rituals and Heat
103834 | Coc:7    | Identified the Tome of the Unholy Escort
103842 | Coc:7    | Got an icy rune of Zot
103849 | Coc:7    | Identified the Tome of Gliding Stones
103946 | Hell     | Lost mutation: You possess an exceptional clarity of mind.
                  | [potion of mutation]
103946 | Hell     | Lost mutation: You are partially covered in rugged brown
                  | scales. (AC +1, +3% HP) [potion of mutation]
103947 | Hell     | Lost mutation: You have a pair of small horns on your head.
                  | [potion of mutation]
103947 | Hell     | Lost mutation: You are frail. (-10% HP) [potion of
                  | mutation]
104724 | Tar:1    | Entered Level 1 of Tartarus
104755 | Tar:1    | Cast into level 2 of the Abyss (hell knight)
104755 | Abyss:2  | Found a corrupted altar of Lugonu.
104816 | Abyss:2  | Reached skill level 24 in Fighting
104967 | Tar:1    | Escaped the Abyss
106952 | Tar:7    | Entered Level 7 of Tartarus
108111 | Tar:7    | Identified the +1 leather armour "Agikk" {+Inv rElec} (You
                  | found it on level 7 of Tartarus)
108944 | Tar:7    | Identified the +1 pair of gloves "Keehaila" {MR+ Str+2
                  | Dex+4} (You found it on level 7 of Tartarus)
109119 | Tar:7    | Noticed Ereshkigal
109879 | Tar:7    | Reached skill level 6 in Spellcasting
110448 | Tar:7    | Found the cursed necklace of Bloodlust {*Rage +Rage MR++
                  | Int-3 Slay+6 *Curse}
110463 | Tar:7    | Identified the cursed +1 chain mail of Qaleb {rF+ Dex+5}
                  | (You found it on level 7 of Tartarus)
110469 | Tar:7    | Identified the +1 leather armour of Ruafenis {MP+9} (You
                  | found it on level 7 of Tartarus)
111112 | Tar:7    | Got a steaming steel ring
111114 | Tar:7    | Identified the cursed ring "Diadyaz" {EV-3 Dex+5} (You
                  | found it on level 7 of Tartarus)
111346 | Tar:7    | Killed Ereshkigal
111533 | Tar:7    | Reached skill level 21 in Translocations
111646 | Tar:7    | Got a bone rune of Zot
111890 | Hell     | Learned a level 8 spell: Controlled Blink
111899 | Hell     | Learned a level 8 spell: Disjunction
111951 | D:15     | Upgraded the game from 0.23-a0-241-g3b46b076a4 to
                  | 0.23-a0-252-g069075cd5b
112015 | D:15     | Killed Armakuni's ghost
112056 | D:15     | Got a bound golden amulet
112113 | Hell     | Identified the amulet of Kourop {Faith rElec rF+ MP+9} (You
                  | took it off a centaur warrior on level 15 of the Dungeon)
112478 | Dis:1    | Entered Level 1 of the Iron City of Dis
113099 | Dis:7    | Entered Level 7 of the Iron City of Dis
114424 | Dis:7    | Got a slimy iron ring
114426 | Dis:7    | Identified the ring of Haoppok {+Fly rElec rF- MR++ Stlth+}
                  | (You found it on level 7 of the Iron City of Dis)
115010 | Dis:7    | Got a glittering glass ring
115049 | Dis:7    | Got a pair of jewelled gloves
115060 | Dis:7    | Identified the +0 pair of gloves "Ofinufil" {rElec rF+
                  | Regen+ Int-3} (You found it on level 7 of the Iron City of
                  | Dis)
115206 | Dis:7    | Reached skill level 27 in Bows
115851 | Dis:7    | Noticed Dispater
115870 | Dis:7    | Killed Dispater
115923 | Dis:7    | Got an iron rune of Zot
115929 | Dis:7    | Got a translucent ring mail
116158 | Depths:3 | Bought a scroll of identify for 38 gold pieces
116158 | Depths:3 | Bought a scroll of identify for 38 gold pieces
116158 | Depths:3 | Bought a scroll of identify for 38 gold pieces
116158 | Depths:3 | Bought a scroll of fear for 66 gold pieces
116158 | Depths:3 | Bought a scroll of identify for 38 gold pieces
116158 | Depths:3 | Bought a scroll of enchant armour for 142 gold pieces
116158 | Depths:3 | Bought a scroll of identify for 38 gold pieces
116158 | Depths:3 | Bought a scroll of identify for 38 gold pieces
116158 | Depths:3 | Bought a scroll of teleportation for 57 gold pieces
116158 | Depths:3 | Bought a scroll of fear for 66 gold pieces
116210 | Depths:3 | Identified the +1 ring mail of Light {rN+ MP+9 Str+4 Int+3}
                  | (You found it on level 7 of the Iron City of Dis)
116231 | Depths:3 | Identified the ring "Urij" {Int+4 Dex+2} (You took it off a
                  | hell knight on level 7 of the Iron City of Dis)
116532 | Orc:2    | Bought a book of Beasts for 770 gold pieces
116795 | Pan      | Entered Pandemonium
116889 | Pan      | Noticed Hirphuij the pandemonium lord
116923 | Pan      | Killed Hirphuij the pandemonium lord
117422 | Pan      | Identified the cursed +0 pair of gloves of Inviolability
                  | {Regen+} (You found it in Pandemonium)
118087 | Pan      | Learned a level 1 spell: Summon Butterflies
118195 | Pan      | Got a demonic rune of Zot
118240 | Pan      | Noticed Vainein the pandemonium lord
118280 | Pan      | Noticed Mukhlay the pandemonium lord
118303 | Pan      | Killed Mukhlay the pandemonium lord
118408 | Pan      | Entered the realm of Lom Lobon.
118611 | Pan      | Noticed Lom Lobon
118630 | Pan      | Killed Lom Lobon
118678 | Pan      | Got a magical rune of Zot
118946 | Pan      | Reached skill level 1 in Summonings
119128 | Pan      | Reached skill level 3 in Summonings
119537 | Pan      | Noticed a seraph
119572 | Pan      | Killed a seraph
120077 | Pan      | Found a glowing golden altar of the Shining One.
120134 | Pan      | Identified the cursed +0 helmet "Joraung" {MR- Str+3 Dex+7
                  | SInv} (You found it in Pandemonium)
120137 | Pan      | Identified the Handbook of Damaging Stones
120485 | Pan      | Reached skill level 6 in Summonings
120942 | Pan      | Reached skill level 27 in Fighting
120948 | Pan      | Reached skill level 9 in Spellcasting
120956 | Pan      | Identified the cursed +0 large shield of the Hills {Str+5
                  | Int+6 Stlth+} (You took it off a daeva in Pandemonium)
120960 | Pan      | Identified the +6 large shield of Articulation {-Cast -Tele
                  | +Inv rC+++} (You took it off a daeva in Pandemonium)
121379 | Pan      | Found a glowing silver altar of Zin.
122205 | Pan      | Reached skill level 9 in Summonings
122305 | Pan      | Found a white marble altar of Elyvilon.
122791 | Pan      | Found an exit through the horrors of the Abyss.
123080 | Pan      | Noticed Laehatei the pandemonium lord
123372 | Pan      | Killed Laehatei the pandemonium lord
123405 | Pan      | Identified the +6 longbow "Usmuwoyv" {velocity, rC+} (You
                  | found it in Pandemonium)
123622 | Pan      | Found an exit through the horrors of the Abyss.
123623 | Pan      | Noticed Pair Nut the pandemonium lord
123626 | Pan      | Killed Pair Nut the pandemonium lord
123676 | Pan      | Reached skill level 12 in Spellcasting
123878 | Pan      | Entered the realm of Cerebov.
124550 | Pan      | Reached skill level 18 in Air Magic
124564 | Pan      | Noticed Cerebov
124591 | Pan      | Killed Cerebov
124827 | Pan      | Identified the cursed +1 plate armour of Figuqie {rF+} (You
                  | found it in Pandemonium)
124832 | Pan      | Identified Taahir's Collected Works on Enchanting Talismans
124884 | Pan      | Got a pitted jade ring
124887 | Pan      | Identified the ring "Famizat" {rPois rF+ MR- AC+2 Str-4
                  | Int+6} (You found it in Pandemonium)
124895 | Pan      | Got a faintly glowing ring mail
124906 | Pan      | Identified the +1 ring mail "Ohedghaf" {rElec Stlth+} (You
                  | found it in Pandemonium)
124985 | Pan      | Identified the Grimoire of Shifting Orientation
125125 | Pan      | Got a fiery rune of Zot
126367 | Pan      | Found an exit through the horrors of the Abyss.
126373 | Pan      | Got a vibrating turquoise ring
126639 | Pan      | Noticed Joydwu the pandemonium lord
126652 | Pan      | Killed Joydwu the pandemonium lord
127459 | Pan      | Learned a level 9 spell: Tornado
127462 | Pan      | Entered the realm of Mnoleg.
127614 | Pan      | Noticed Mnoleg
127635 | Pan      | Killed Mnoleg
127732 | Pan      | Reached skill level 21 in Air Magic
127873 | Pan      | Got a glowing rune of Zot
128662 | Pan      | Noticed Uhetaod the pandemonium lord
129011 | Pan      | Entered the realm of Gloorx Vloq.
129301 | Pan      | Noticed Gloorx Vloq
129321 | Pan      | Killed Gloorx Vloq
129397 | Pan      | Got a dark rune of Zot
130104 | Depths:3 | Escaped Pandemonium
130320 | Zot:5    | Entered Level 5 of the Realm of Zot
130946 | Zot:5    | Identified the ring "Nusasieb" {MR+ MP+9} (You found it in
                  | Pandemonium)
130947 | Zot:5    | Identified the +0 pair of gloves "Iqat" {Int+4} (You
                  | acquired it on level 5 of the Realm of Zot)
131056 | Zot:5    | Noticed an ancient lich
131062 | Zot:5    | Killed an ancient lich
131062 | Zot:5    | Reached skill level 1 in Stealth
131125 | Zot:5    | Noticed an ancient lich
131131 | Zot:5    | Noticed an orb of fire
131139 | Zot:5    | Noticed an orb of fire
131160 | Zot:5    | Reached skill level 3 in Stealth
131232 | Zot:5    | Noticed an ancient lich
131236 | Zot:5    | Killed an ancient lich
131565 | Zot:5    | Noticed an ancient lich
131569 | Zot:5    | Killed an ancient lich
131686 | Zot:5    | Killed an ancient lich
131907 | Zot:5    | Noticed an orb of fire
131915 | Zot:5    | Killed an orb of fire
131915 | Zot:5    | Reached skill level 24 in Air Magic
132157 | Zot:5    | Killed an orb of fire
132362 | Zot:5    | Killed an orb of fire
133046 | Zot:5    | Got the Orb of Zot
133109 | Zot:5    | Noticed an ancient lich
133328 | Depths:3 | Noticed Zimirph the pandemonium lord
133334 | Depths:3 | Killed Zimirph the pandemonium lord
133579 | D:4      | Killed Eustachio
133654 | D:$      | Escaped with the Orb!

Vault maps used:
D:1:      eino_arrival_druids_welcome, serial_corexii_hall,
          corexii_hall_statues_l, corexii_hall_statues_i,
          corexii_hall_statues_x, corexii_hall_statues_u
D:2:      lemuel_blue_sif_altar
D:3:      nemelex_xobeh_ov_fountains_minmay, first_ration
D:4:      overflow_temple_1_default, nicolae_overflow_quartered_altars,
          uniq_menkaure
D:5:      uniq_eustachio, uniq_edmund
D:6:      eat_drink_and_be_merry_uskayaw, uniq_prince_ribbit1, uniq_sigmund,
          uniq_grinder
D:7:      zin_academy, temple_fountains, serial_shops, shop
D:8:      overflow_temple_1_default, bloody_makhleb, uniq_maurice
D:9:      kennysheep_orc_monster_closet_entryway, uniq_grum
D:10:     minmay_lair_entry_grove, hangedman_fish_farm, uniq_erica
D:11:     ebering_ghost_funeral_grove, serial_shops, shop, serial_ice,
          serial_ice_k, serial_ice_b, serial_ice_d, serial_ice_m, serial_ice_f,
          serial_ice_g, enter_bailey_2
D:12:     serial_shops, shop, small_statue_intersection,
          kennysheep_generic_room_11
D:13:     david_vaults_5, uniq_kirke
D:14:     ebering_ghost_disaster_area, serial_bayou_pond_b, uniq_azrael
D:15:     grunt_enter_depths_giant_problem, maelrawn_ghost_labyrinth_escape
Temple:   minmay_temple_curvy_loop
Lair:1:   worms_lemuel, minmay_lair_oklob_chamber
Lair:2:   minmay_swamp_entry_worms
Lair:3:   nicolae_lair_grove_arrangements, grunt_megastairs_2,
          serial_bayou_shore_b
Lair:4:   beast_lair_carwin_large_2, dummy_snake_entry,
          portal_ice_cave_entry_pillars_2, infiniplex_staircase_pool
Lair:5:   basic_altar, uniq_josephine
Lair:6:   minmay_lair_end_enchanted_forest, dpeg_slime_entry_enclosed_altar,
          minmay_hedge_maze, st_stairs_12, minivault_23, serial_bayou_shore_a,
          lemuel_fruit_tree
Swamp:1:  cheibrodos_swamp_monstrosity, evilmike_swamp_ruin_wall, uniq_nikola
Swamp:2:  evilmike_swamp_ruin_house_3, swamp_pool1
Swamp:3:  hangedman_swamp_cone
Swamp:4:  swamp_icy, swamp_pool1
Snake:1:  uniq_asterion
Snake:2:  gammafunk_ghost_split, serial_bayou_shore_b
Snake:4:  grunt_snake_rune_spirals, serial_bayou_pond_d, minmay_shop_grove
Orc:1:    basic_altar
Orc:2:    grunt_orc_gardens, grunt_orc_garden, grunt_orc_garden,
          grunt_orc_garden, grunt_orc_garden, david_defended_altar_orc
Elf:1:    eino_elf_arrival_the_gate, serial_shops, nicolae_shop_stone,
          minmay_elf_crystal_hexagon
Elf:2:    serial_sigils, serial_sigils_hangedman_etch,
          serial_sigils_hangedman_writhe, serial_sigils_hangedman_stare,
          serial_sigils_hangedman_scratch
Elf:3:    nooodl_elf_gasket, minivault_27
Vaults:1: vaults_standard_mumra_lines, nicolae_vaults_network_s,
          vaults_dpeg_diagonal, v_misc_10, ontoclasm_vaults_gateway, v_rooms_3,
          nicolae_vaults_branching_niches
Vaults:2: minmay_crypt_entry_simple_walls, vaults_room_large_hall, v_misc_18,
          ontoclasm_vaults_ligature, hangedman_vaults_corner,
          ontoclasm_vaults_eye, vaults_room_door_ring,
          vaults_standard_mumra_enter_the_diamond, vaults_dpeg_cross,
          vaults_room_hallway, v_misc_28, hangedman_vaults_cutoff, serial_ice_h,
          serial_shops, shop_fountains, nicolae_trove_entry_path_of_doom,
          uniq_mennas, uniq_frederick
Vaults:3: nicolae_vaults_bisected_exclaves, v_misc_5, ontoclasm_vaults_hangar,
          v_misc_11, v_alt_pattern_5, vaults_room_door_ring,
          hangedman_vaults_slither, grunt_vaults_swirl, ontoclasm_vaults_pinch,
          serial_shops, bzr_entry_islet, uniq_sojobo
Vaults:4: nicolae_vaults_border_crossing, hangedman_vaults_locks,
          nicolae_vaults_ring_of_whatevers, nicolae_vaults_c_with_doors,
          hangedman_vaults_variations, vaults_room_corners,
          nicolae_vaults_asterisk, v_misc_23, nicolae_vaults_little_ls,
          vaults_room_grid, nicolae_vaults_alarming,
          nicolae_vaults_little_squares_4, vaults_dpeg_ring, serial_shops, shop
Vaults:5: serial_shops
Crypt:1:  nicolae_crypt_soggy_tomb
Crypt:2:  special_room
Crypt:3:  grunt_crypt_end_deaths_head
Tomb:1:   uniq_jory
Depths:1: enter_ziggurat_a, grunt_hell_horde, grunt_decor_one_mirror,
          ebering_ghost_inner_flame, nicolae_lava_and_water, ice2_lemuel
Depths:2: hourglass_vault, pf_hell_entry_great_geh, serial_bayou,
          serial_bayou_shore_b, serial_bayou_pond_a, serial_bayou_pond_b,
          serial_bayou_lake_a, st_stairs_1, infiniplex_staircase_diamond
Depths:3: kennysheep_snake, corexii_corridor_pit, serial_shops,
          nicolae_shop_statue_plus, shop, shop_statue, rand_demon_pan_entry_9,
          hell_entry, serial_sigils_hangedman_leer, kennysheep_flooded_box,
          grunt_ministairs_10
Depths:4: lemuel_river_lethe, abyss_entry, hell_entry
Depths:5: grunt_zot_entry_tricorne, rand_demon_pan_entry_4, hell_entry,
          abyss_entry, minivault_14, serial_shops, nicolae_shop_stone,
          minmay_strange_pillars, onia_ninara_cookie
Dis:1:    hangedman_dis_decor_blocks_talon
Dis:4:    lemuel_mystery_crypt
Dis:7:    dis_hangedman
Geh:1:    hangedman_elemental_corridor
Geh:3:    nicolae_geh_single_fiery_grave
Geh:7:    geh_old
Coc:7:    coc_hangedman
Tar:2:    nicolae_tar_cuneiform_water
Tar:3:    lemuel_elevator
Tar:6:    minmay_shadows, hangedman_snap_crack_crunch
Tar:7:    tar_mu
Zot:1:    grunt_zot_stairs_overgrown, grunt_ministairs_3
Zot:2:    lemuel_halls_of_wrath
Zot:3:    grunt_megastairs_3
Zot:5:    kennysheep_underground_church, basic_stair_grate_trap
Abyss:2:  evilmike_abyss_exit_14, evilmike_abyss_exit_12, bh_abyss_exit_spiral
Abyss:3:  serial_sigils_hangedman_gut
Pan:      grunt_pan_sceptre, nicolae_pan_gloorx_vloqian_4, grunt_pan_zigzag,
          nicolae_pan_sigil_itan, grunt_pan_sceptre,
          evilmike_mini_pan_other_thingy, evilmike_mini_pan_doors,
          evilmike_mini_pan_possible_glass, pan_blood_fountain, lom_lobon,
          reaverb_pan_chaos_star, nicolae_pan_lom_lobonic_2, evilmike_holy_pan,
          evilmike_mini_pan_doors_b, nicolae_pan_sigil_obb,
          nicolae_pan_strange_glyphs, lemuel_hellion_island,
          evilmike_mini_pan_T, nicolae_pan_mnolegish_1, grunt_pan_in_and_out,
          nicolae_pan_hourglass, nicolae_pan_lom_lobonic_1,
          evilmike_cerebov_lava, grunt_pan_frozen_over, evilmike_mini_pan_doors,
          nicolae_pan_sigil_itan, rand_demon_5, pan_blood_fountain_2,
          evilmike_mini_pan_pillars, nicolae_pan_cerebovesque_2,
          nicolae_pan_sigil_uleosi, nicolae_pan_glass_arcs,
          evilmike_mini_pan_other_thingy, evilmike_mini_pan_layers,
          grunt_pan_sceptre, mnoleg_grunt, nicolae_pan_door_chamber,
          nicolae_pan_cerebovesque_3, rand_demon_8, evilmike_gloorx_vloq_box,
          pan_blood_fountain_2, evilmike_mini_pan_layers,
          nicolae_pan_lom_lobonic_2
Bazaar:   bazaar_jpeg_circle_common
Bailey:   bailey_polearm_flooded_kennysheep, bailey
IceCv:    ice_cave_small_demon

Skill      XL: |  1  2  3  4  5  6  7  8  9 10 11 12 13 14 15 16 17 18 19 20 21 22 23 24 25 26 27 |
---------------+----------------------------------------------------------------------------------+-----
Bows           | 3 4 5 6 8 11 12 14 16 18 19 20 23 27 | 27.0
Fighting       | 2 3 4 5 7 8 10 11 13 14 16 18 20 22 23 27 | 27.0
Maces & Flails | 3 5 7 9 11 12 14 | 14.0
Armour         | 2 3 4 6 10 12 14 17 18 | 18.0
Shields        | 2 |  2.6
Invocations    | 4 8 10 20 | 20.0
Dodging        | 2 4 6 7 10 14 | 14.0
Hexes          | 6 8 |  8.0
Translocations | 6 8 10 11 15 23 | 23.2
Charms         | 3 4 8 14 | 14.0
Spellcasting   | 2 4 14 | 14.0
Necromancy     | 4 |  4.0
Air Magic      | 25 | 25.4
Summonings     | 9 |  9.5
Stealth        | 4 |  4.0

Action                   |  1- 3 |  4- 6 |  7- 9 | 10-12 | 13-15 | 16-18 | 19-21 | 22-24 | 25-27 || total
-------------------------+-------+-------+-------+-------+-------+-------+-------+-------+-------++-------
Melee: Unarmed           |    86 |    60 |       |       |       |       |       |       |       ||   146
       Kick              |    13 |    28 |    33 |    78 |    41 |    41 |    45 |   102 |   192 ||   573
       Spear             |       |    80 |    14 |       |       |       |       |       |       ||    94
       Dire flail        |       |       |    61 |       |       |    35 |       |       |   196 ||   292
       Morningstar       |       |       |   105 |   290 |   179 |    56 |   114 |   209 |   151 ||  1104
       Punch             |       |       |       |     2 |     2 |     3 |     1 |     4 |     1 ||    13
       Whip              |       |       |       |       |       |    46 |       |       |       ||    46
       Quarterstaff      |       |       |       |       |       |     9 |       |       |       ||     9
       Longbow           |       |       |       |       |       |     1 |       |       |       ||     1
       Great mace        |       |       |       |       |       |       |       |       |    22 ||    22
       Sacred scourge    |       |       |       |       |       |       |       |       |    68 ||    68
       Headbutt          |       |       |       |       |       |       |       |       |    14 ||    14
 Fire: Shortbow          |    76 |    83 |   109 |   635 |   344 |       |       |       |       ||  1247
       Longbow           |       |       |       |     6 |   984 |  1364 |  1292 |  1555 |  7896 || 13097
Throw: Throwing net      |       |       |       |       |     1 |       |       |       |       ||     1
 Cast: Corona            |     8 |       |       |       |       |       |       |       |       ||     8
       Portal Projectile |       |       |       |       |     1 |    10 |     8 |    15 |    99 ||   133
       Shroud of Golubri |       |       |       |       |       |     1 |     2 |     3 |    10 ||    16
       Blink             |       |       |       |       |       |     4 |     3 |     7 |    27 ||    41
       Regeneration      |       |       |       |       |       |       |     4 |    14 |     4 ||    22
       Song of Slaying   |       |       |       |       |       |       |     1 |     3 |    26 ||    30
       Controlled Blink  |       |       |       |       |       |       |       |       |    23 ||    23
       Disjunction       |       |       |       |       |       |       |       |       |    21 ||    21
       Passage of Golubr |       |       |       |       |       |       |       |       |     8 ||     8
       Deflect Missiles  |       |       |       |       |       |       |       |       |     7 ||     7
       Summon Butterflie |       |       |       |       |       |       |       |       |     4 ||     4
       Tornado           |       |       |       |       |       |       |       |       |     4 ||     4
Invok: Heroism           |       |       |       |    13 |     9 |    19 |    15 |    12 |    13 ||    81
       Finesse           |       |       |       |     1 |     6 |    10 |    11 |    13 |     9 ||    50
       Divine Shield     |       |       |       |       |       |       |       |       |     5 ||     5
       Recite            |       |       |       |       |       |       |       |       |    47 ||    47
       Summon Divine War |       |       |       |       |       |       |       |       |    21 ||    21
       Cleansing Flame   |       |       |       |       |       |       |       |       |    16 ||    16
       Vitalisation      |       |       |       |       |       |       |       |       |     8 ||     8
       Donate Gold       |       |       |       |       |       |       |       |       |     3 ||     3
       Sanctuary         |       |       |       |       |       |       |       |       |     1 ||     1
       Brand Weapon With |       |       |       |       |       |       |       |       |     1 ||     1
 Abil: Evoke Flight      |       |       |       |       |       |       |       |       |     6 ||     6
       Stop Flying       |       |       |       |       |       |       |       |       |     1 ||     1
Evoke: Wand              |       |       |     9 |     3 |    11 |     5 |     3 |     3 |    18 ||    52
       Lamp of fire      |       |       |       |       |       |       |     1 |     4 |     6 ||    11
       Fan of gales      |       |       |       |       |       |       |       |     1 |     1 ||     2
  Use: Scroll            |       |     3 |     1 |    13 |    14 |    10 |    10 |     9 |    90 ||   150
       Potion            |       |     1 |     3 |     1 |     1 |     1 |     2 |     5 |    54 ||    68
 Stab: Paralysed         |       |       |       |     2 |       |       |       |       |     2 ||     4
  Eat: Chunk             |       |     6 |     9 |    21 |    32 |    14 |    29 |    21 |    27 ||   159
       Ration            |       |       |     1 |     3 |       |     6 |     1 |     5 |    54 ||    70
Armor: Robe              |    23 |       |       |       |    62 |    51 |       |       |       ||   136
       Ring mail         |    30 |    87 |    79 |    99 |    94 |       |       |       |   265 ||   654
       Troll leather arm |       |       |       |       |     9 |       |       |       |       ||     9
       Scale mail        |       |       |       |       |       |   110 |   129 |   201 |    20 ||   460
       Acid dragon scale |       |       |       |       |       |       |    26 |    28 |       ||    54
       Gold dragon scale |       |       |       |       |       |       |       |       |  1204 ||  1204
       Skin              |       |       |       |       |       |       |       |       |    81 ||    81
       Plate armour      |       |       |       |       |       |       |       |       |   222 ||   222
       Quicksilver drago |       |       |       |       |       |       |       |       |     1 ||     1
Dodge: Dodged            |    48 |    73 |    85 |   115 |   186 |   140 |   184 |   270 |  1209 ||  2310
       Deflected         |       |       |       |       |    32 |    62 |    55 |    48 |   122 ||   319
Block: Large shield      |       |       |    38 |       |       |       |       |       |    37 ||    75
       Other             |       |       |       |       |       |       |       |       |    57 ||    57

Table legend:
 A = Non-vault XP
 B = Vault XP
 C = Vault XP percentage of total XP
 D = Non-vault monster count
 E = Vault monster count
 F = Vault count percentage of total count
                 A         B        C        D         E       F
            +---------+---------+-------+---------+---------+-------
      Total | 1770343 | 2071347 |  53.9 |    2946 |    1999 |  40.4
            +---------+---------+-------+---------+---------+-------
        D:1 |      51 |       0 |   0.0 |      22 |       0 |   0.0
        D:2 |      98 |       0 |   0.0 |      31 |       0 |   0.0
        D:3 |     169 |       0 |   0.0 |      22 |       0 |   0.0
        D:4 |     326 |     375 |  53.5 |      10 |       2 |  16.7
        D:5 |     491 |     164 |  25.0 |      23 |       1 |   4.2
        D:6 |     585 |     826 |  58.5 |      15 |       3 |  16.7
        D:7 |    1117 |       0 |   0.0 |      21 |       0 |   0.0
        D:8 |     978 |     508 |  34.2 |      21 |       1 |   4.5
        D:9 |    1194 |    2166 |  64.5 |      19 |      24 |  55.8
       D:10 |    2453 |    2673 |  52.1 |      18 |      13 |  41.9
       D:11 |    6446 |    1300 |  16.8 |      45 |      13 |  22.4
       D:12 |    5999 |     136 |   2.2 |      32 |       1 |   3.0
       D:13 |    7547 |    4436 |  37.0 |      25 |       7 |  21.9
       D:14 |    8595 |    4085 |  32.2 |      32 |       9 |  22.0
       D:15 |   12548 |    6449 |  33.9 |      28 |       8 |  22.2
     Lair:1 |    3263 |    3331 |  50.5 |      17 |      12 |  41.4
     Lair:2 |    2742 |     154 |   5.3 |      11 |       1 |   8.3
     Lair:3 |    2408 |     143 |   5.6 |       9 |       1 |  10.0
     Lair:4 |    8080 |    3324 |  29.1 |      34 |       7 |  17.1
     Lair:5 |    9496 |    2579 |  21.4 |      33 |       7 |  17.5
     Lair:6 |    7463 |    7041 |  48.5 |      23 |      42 |  64.6
    Swamp:1 |   15545 |    7080 |  31.3 |      37 |       2 |   5.1
    Swamp:2 |    8849 |       0 |   0.0 |      32 |       0 |   0.0
    Swamp:3 |   12588 |       0 |   0.0 |      17 |       0 |   0.0
    Swamp:4 |   10929 |    8858 |  44.8 |      35 |      30 |  46.2
    Snake:1 |    8128 |    1613 |  16.6 |      14 |       1 |   6.7
    Snake:2 |   13644 |       0 |   0.0 |      25 |       0 |   0.0
    Snake:3 |   13729 |       0 |   0.0 |      26 |       0 |   0.0
    Snake:4 |   24953 |   55701 |  69.1 |      45 |      90 |  66.7
    Slime:1 |    8660 |       0 |   0.0 |      15 |       0 |   0.0
    Slime:2 |    6175 |       0 |   0.0 |      13 |       0 |   0.0
    Slime:3 |    6206 |       0 |   0.0 |       4 |       0 |   0.0
    Slime:4 |    4715 |       0 |   0.0 |       5 |       0 |   0.0
    Slime:5 |   22335 |   32996 |  59.6 |      38 |      13 |  25.5
      Orc:1 |    2653 |       0 |   0.0 |      34 |       0 |   0.0
      Orc:2 |    4275 |   10320 |  70.7 |      36 |      30 |  45.5
      Elf:1 |   13642 |    5251 |  27.8 |      21 |       9 |  30.0
      Elf:2 |   26055 |   22607 |  46.5 |      39 |      27 |  40.9
      Elf:3 |   10785 |   66716 |  86.1 |      19 |      45 |  70.3
   Vaults:1 |    9965 |   22271 |  69.1 |      26 |      39 |  60.0
   Vaults:2 |   24137 |   36414 |  60.1 |      48 |      47 |  49.5
   Vaults:3 |   39315 |   39769 |  50.3 |      68 |      40 |  37.0
   Vaults:4 |   30048 |   29688 |  49.7 |      55 |      34 |  38.2
   Vaults:5 |   43157 |  129337 |  75.0 |      59 |      84 |  58.7
    Crypt:1 |   12565 |    1165 |   8.5 |      25 |       4 |  13.8
    Crypt:2 |   24916 |   20081 |  44.6 |      41 |      20 |  32.8
    Crypt:3 |       0 |   80863 | 100.0 |       0 |     122 | 100.0
     Tomb:1 |    6622 |  127989 |  95.1 |      22 |      59 |  72.8
     Tomb:2 |   11332 |   36273 |  76.2 |      31 |      43 |  58.1
     Tomb:3 |    5587 |  127998 |  95.8 |      22 |     130 |  85.5
   Depths:1 |   27318 |    9589 |  26.0 |      32 |      30 |  48.4
   Depths:2 |   26763 |   12338 |  31.6 |      42 |      12 |  22.2
   Depths:3 |   29380 |   50140 |  63.1 |      35 |      41 |  53.9
   Depths:4 |    6316 |   60703 |  90.6 |       7 |     110 |  94.0
   Depths:5 |   51278 |   55135 |  51.8 |      57 |      36 |  38.7
       Hell |   17630 |   17966 |  50.5 |      27 |      28 |  50.9
      Dis:1 |     542 |       0 |   0.0 |       2 |       0 |   0.0
      Dis:2 |    2593 |       0 |   0.0 |       8 |       0 |   0.0
      Dis:3 |    5375 |       0 |   0.0 |      16 |       0 |   0.0
      Dis:4 |     247 |       0 |   0.0 |       1 |       0 |   0.0
      Dis:5 |    2671 |       0 |   0.0 |       5 |       0 |   0.0
      Dis:6 |    9044 |       0 |   0.0 |      18 |       0 |   0.0
      Dis:7 |   26357 |  134148 |  83.6 |      32 |     102 |  76.1
      Geh:1 |   24654 |    1530 |   5.8 |      66 |       3 |   4.3
      Geh:2 |    4253 |       0 |   0.0 |       8 |       0 |   0.0
      Geh:3 |    5484 |       0 |   0.0 |       6 |       0 |   0.0
      Geh:4 |     445 |       0 |   0.0 |       1 |       0 |   0.0
      Geh:5 |   16145 |       0 |   0.0 |      31 |       0 |   0.0
      Geh:6 |   10267 |       0 |   0.0 |      27 |       0 |   0.0
      Geh:7 |   35708 |   63499 |  64.0 |      58 |      42 |  42.0
      Coc:1 |    7420 |       0 |   0.0 |      21 |       0 |   0.0
      Coc:2 |   16313 |       0 |   0.0 |      33 |       0 |   0.0
      Coc:3 |   15692 |       0 |   0.0 |      39 |       0 |   0.0
      Coc:5 |   10568 |       0 |   0.0 |      25 |       0 |   0.0
      Coc:6 |     954 |       0 |   0.0 |       3 |       0 |   0.0
      Coc:7 |   71073 |   86990 |  55.0 |      99 |      78 |  44.1
      Tar:1 |   30636 |       0 |   0.0 |      57 |       0 |   0.0
      Tar:2 |   47691 |       0 |   0.0 |      65 |       0 |   0.0
      Tar:3 |       0 |    3283 | 100.0 |       0 |       1 | 100.0
      Tar:4 |    3550 |       0 |   0.0 |      11 |       0 |   0.0
      Tar:5 |    2336 |       0 |   0.0 |       5 |       0 |   0.0
      Tar:6 |    9785 |   11267 |  53.5 |      13 |      18 |  58.1
      Tar:7 |   72576 |   96941 |  57.2 |      92 |      63 |  40.6
      Zot:1 |   15390 |    1085 |   6.6 |      17 |       2 |  10.5
      Zot:2 |   52121 |   46670 |  47.2 |      29 |      46 |  61.3
      Zot:3 |   29856 |    7607 |  20.3 |      18 |       4 |  18.2
      Zot:4 |   43665 |       0 |   0.0 |      32 |       0 |   0.0
      Zot:5 |   76524 |  162436 |  68.0 |      51 |      46 |  47.4
    Abyss:1 |    5785 |       0 |   0.0 |       5 |       0 |   0.0
    Abyss:2 |    9310 |       0 |   0.0 |      12 |       0 |   0.0
    Abyss:3 |   28294 |   19326 |  40.6 |      46 |      19 |  29.2
        Pan |  414775 |  320968 |  43.6 |     451 |     230 |  33.8
     Bailey |       0 |    2290 | 100.0 |       0 |      39 | 100.0
      IceCv |       0 |    4756 | 100.0 |       0 |      28 | 100.0
            +---------+---------+-------+---------+---------+-------
